Workbook

Sheet Q.1 (i)
C1: Answer | D1: =S21 -> 28404692 | R1: Inputs
L2: NPV-> | M2: =SUM(M7:M73) -> 0 | R2: Initial Insurance Premium | S2: 17500
R3: Insurance inflation | S3: 0.08
R4: IRR | S4: 0.12
C5: Outgoes | H5: Inflows | K5: Present value calculation | R5: Tax on Rent | S5: 0.22
B6: Month | C6: Acquisition | D6: Furnishing | E6: Insurance | F6: Tax on Rent | G6: Capital Gain tax | H6: Rent | I6: Deposit | J6: Sale Proceeds | K6: Net Cashflows | L6: PV Factors | M6: PV of Net Cashflows | N6: Cumulative PV of Cashflows | P6: Insurance Inflation adjustment | R6: Tax on Capital gains | S6: 0.15
B7: 0 | C7: =1.5*10^7*-1 -> -15000000 | E7: =+$S$2*P7*-1 -> -17500 | H7: =IFERROR(VLOOKUP(B7,$R$12:$T$17,3,1),0) -> 0 | I7: =15*10^5 -> 1500000 | K7: =SUM(C7:J7) -> -13517500 | L7: =+(1+$S$4)^-(B7/12) -> 1 | M7: =+K7*L7 -> -13517500 | N7: =+SUM(K$7:K7) -> -13517500 | P7: =+IF(MOD(B7,12)=0,(1+$S$3)^(B7/12),0) -> 1
B8: =+B7+1 -> 1 | E8: =+$S$2*P8*-1 -> 0 | F8: =H7*$S$5*-1 -> 0 | H8: =IFERROR(VLOOKUP(B8,$R$12:$T$17,3,1),0) -> 0 | K8: =SUM(C8:J8) -> 0 | L8: =+(1+$S$4)^-(B8/12) -> 0.9906004 | M8: =+K8*L8 -> 0 | N8: =+SUM(K$7:K8) -> -13517500 | P8: =+IF(MOD(B8,12)=0,(1+$S$3)^(B8/12),0) -> 0
B9: =+B8+1 -> 2 | E9: =+$S$2*P9*-1 -> 0 | F9: =H8*$S$5*-1 -> 0 | H9: =IFERROR(VLOOKUP(B9,$R$12:$T$17,3,1),0) -> 0 | K9: =SUM(C9:J9) -> 0 | L9: =+(1+$S$4)^-(B9/12) -> 0.98128915 | M9: =+K9*L9 -> 0 | N9: =+SUM(K$7:K9) -> -13517500 | P9: =+IF(MOD(B9,12)=0,(1+$S$3)^(B9/12),0) -> 0
B10: =+B9+1 -> 3 | D10: =20*10^5*-1 -> -2000000 | E10: =+$S$2*P10*-1 -> 0 | F10: =H9*$S$5*-1 -> 0 | H10: =IFERROR(VLOOKUP(B10,$R$12:$T$17,3,1),0) -> 0 | K10: =SUM(C10:J10) -> -2000000 | L10: =+(1+$S$4)^-(B10/12) -> 0.97206542 | M10: =+K10*L10 -> -1944130.8 | N10: =+SUM(K$7:K10) -> -15517500 | P10: =+IF(MOD(B10,12)=0,(1+$S$3)^(B10/12),0) -> 0 | R10: Calculation for rent
B11: =+B10+1 -> 4 | E11: =+$S$2*P11*-1 -> 0 | F11: =H10*$S$5*-1 -> 0 | H11: =IFERROR(VLOOKUP(B11,$R$12:$T$17,3,1),0) -> 0 | K11: =SUM(C11:J11) -> 0 | L11: =+(1+$S$4)^-(B11/12) -> 0.96292839 | M11: =+K11*L11 -> 0 | N11: =+SUM(K$7:K11) -> -15517500 | P11: =+IF(MOD(B11,12)=0,(1+$S$3)^(B11/12),0) -> 0 | R11: From | S11: To | T11: Monthly Rent
B12: =+B11+1 -> 5 | E12: =+$S$2*P12*-1 -> 0 | F12: =H11*$S$5*-1 -> 0 | H12: =IFERROR(VLOOKUP(B12,$R$12:$T$17,3,1),0) -> 0 | K12: =SUM(C12:J12) -> 0 | L12: =+(1+$S$4)^-(B12/12) -> 0.95387725 | M12: =+K12*L12 -> 0 | N12: =+SUM(K$7:K12) -> -15517500 | P12: =+IF(MOD(B12,12)=0,(1+$S$3)^(B12/12),0) -> 0 | R12: 6 | S12: =+R12+11 -> 17 | T12: 50000
B13: =+B12+1 -> 6 | E13: =+$S$2*P13*-1 -> 0 | F13: =H12*$S$5*-1 -> 0 | H13: =IFERROR(VLOOKUP(B13,$R$12:$T$17,3,1),0) -> 50000 | K13: =SUM(C13:J13) -> 50000 | L13: =+(1+$S$4)^-(B13/12) -> 0.94491118 | M13: =+K13*L13 -> 47245.559 | N13: =+SUM(K$7:K13) -> -15467500 | P13: =+IF(MOD(B13,12)=0,(1+$S$3)^(B13/12),0) -> 0 | R13: =+S12+1 -> 18 | S13: =+R13+11 -> 29 | T13: =+T12*1.1 -> 55000
B14: =+B13+1 -> 7 | E14: =+$S$2*P14*-1 -> 0 | F14: =H13*$S$5*-1 -> -11000 | H14: =IFERROR(VLOOKUP(B14,$R$12:$T$17,3,1),0) -> 50000 | K14: =SUM(C14:J14) -> 39000 | L14: =+(1+$S$4)^-(B14/12) -> 0.93602939 | M14: =+K14*L14 -> 36505.146 | N14: =+SUM(K$7:K14) -> -15428500 | P14: =+IF(MOD(B14,12)=0,(1+$S$3)^(B14/12),0) -> 0 | R14: =+S13+1 -> 30 | S14: =+R14+11 -> 41 | T14: =+T13*1.1 -> 60500
B15: =+B14+1 -> 8 | E15: =+$S$2*P15*-1 -> 0 | F15: =H14*$S$5*-1 -> -11000 | H15: =IFERROR(VLOOKUP(B15,$R$12:$T$17,3,1),0) -> 50000 | K15: =SUM(C15:J15) -> 39000 | L15: =+(1+$S$4)^-(B15/12) -> 0.92723109 | M15: =+K15*L15 -> 36162.012 | N15: =+SUM(K$7:K15) -> -15389500 | P15: =+IF(MOD(B15,12)=0,(1+$S$3)^(B15/12),0) -> 0 | R15: =+S14+1 -> 42 | S15: =+R15+11 -> 53 | T15: =+T14*1.1 -> 66550
B16: =+B15+1 -> 9 | E16: =+$S$2*P16*-1 -> 0 | F16: =H15*$S$5*-1 -> -11000 | H16: =IFERROR(VLOOKUP(B16,$R$12:$T$17,3,1),0) -> 50000 | K16: =SUM(C16:J16) -> 39000 | L16: =+(1+$S$4)^-(B16/12) -> 0.91851549 | M16: =+K16*L16 -> 35822.104 | N16: =+SUM(K$7:K16) -> -15350500 | P16: =+IF(MOD(B16,12)=0,(1+$S$3)^(B16/12),0) -> 0 | R16: =+S15+1 -> 54 | S16: =+R16+11 -> 65 | T16: =+T15*1.1 -> 73205
B17: =+B16+1 -> 10 | E17: =+$S$2*P17*-1 -> 0 | F17: =H16*$S$5*-1 -> -11000 | H17: =IFERROR(VLOOKUP(B17,$R$12:$T$17,3,1),0) -> 50000 | K17: =SUM(C17:J17) -> 39000 | L17: =+(1+$S$4)^-(B17/12) -> 0.90988181 | M17: =+K17*L17 -> 35485.39 | N17: =+SUM(K$7:K17) -> -15311500 | P17: =+IF(MOD(B17,12)=0,(1+$S$3)^(B17/12),0) -> 0 | R17: =+S16+1 -> 66 | S17: =+R17+11 -> 77 | T17: 0
B18: =+B17+1 -> 11 | E18: =+$S$2*P18*-1 -> 0 | F18: =H17*$S$5*-1 -> -11000 | H18: =IFERROR(VLOOKUP(B18,$R$12:$T$17,3,1),0) -> 50000 | K18: =SUM(C18:J18) -> 39000 | L18: =+(1+$S$4)^-(B18/12) -> 0.90132928 | M18: =+K18*L18 -> 35151.842 | N18: =+SUM(K$7:K18) -> -15272500 | P18: =+IF(MOD(B18,12)=0,(1+$S$3)^(B18/12),0) -> 0
B19: =+B18+1 -> 12 | E19: =+$S$2*P19*-1 -> -18900 | F19: =H18*$S$5*-1 -> -11000 | H19: =IFERROR(VLOOKUP(B19,$R$12:$T$17,3,1),0) -> 50000 | K19: =SUM(C19:J19) -> 20100 | L19: =+(1+$S$4)^-(B19/12) -> 0.89285714 | M19: =+K19*L19 -> 17946.429 | N19: =+SUM(K$7:K19) -> -15252400 | P19: =+IF(MOD(B19,12)=0,(1+$S$3)^(B19/12),0) -> 1.08
B20: =+B19+1 -> 13 | E20: =+$S$2*P20*-1 -> 0 | F20: =H19*$S$5*-1 -> -11000 | H20: =IFERROR(VLOOKUP(B20,$R$12:$T$17,3,1),0) -> 50000 | K20: =SUM(C20:J20) -> 39000 | L20: =+(1+$S$4)^-(B20/12) -> 0.88446464 | M20: =+K20*L20 -> 34494.121 | N20: =+SUM(K$7:K20) -> -15213400 | P20: =+IF(MOD(B20,12)=0,(1+$S$3)^(B20/12),0) -> 0 | R20: Calculation for capital gains
B21: =+B20+1 -> 14 | E21: =+$S$2*P21*-1 -> 0 | F21: =H20*$S$5*-1 -> -11000 | H21: =IFERROR(VLOOKUP(B21,$R$12:$T$17,3,1),0) -> 50000 | K21: =SUM(C21:J21) -> 39000 | L21: =+(1+$S$4)^-(B21/12) -> 0.87615103 | M21: =+K21*L21 -> 34169.89 | N21: =+SUM(K$7:K21) -> -15174400 | P21: =+IF(MOD(B21,12)=0,(1+$S$3)^(B21/12),0) -> 0 | R21: Sale Proceeds | S21: 28404692 | T21: Goal seek S21 such that M2 is 0
B22: =+B21+1 -> 15 | E22: =+$S$2*P22*-1 -> 0 | F22: =H21*$S$5*-1 -> -11000 | H22: =IFERROR(VLOOKUP(B22,$R$12:$T$17,3,1),0) -> 50000 | K22: =SUM(C22:J22) -> 39000 | L22: =+(1+$S$4)^-(B22/12) -> 0.86791555 | M22: =+K22*L22 -> 33848.707 | N22: =+SUM(K$7:K22) -> -15135400 | P22: =+IF(MOD(B22,12)=0,(1+$S$3)^(B22/12),0) -> 0 | R22: Acquisition cost | S22: =+C7 -> -15000000
B23: =+B22+1 -> 16 | E23: =+$S$2*P23*-1 -> 0 | F23: =H22*$S$5*-1 -> -11000 | H23: =IFERROR(VLOOKUP(B23,$R$12:$T$17,3,1),0) -> 50000 | K23: =SUM(C23:J23) -> 39000 | L23: =+(1+$S$4)^-(B23/12) -> 0.85975749 | M23: =+K23*L23 -> 33530.542 | N23: =+SUM(K$7:K23) -> -15096400 | P23: =+IF(MOD(B23,12)=0,(1+$S$3)^(B23/12),0) -> 0 | R23: Furnishing cost | S23: =+D10 -> -2000000
B24: =+B23+1 -> 17 | E24: =+$S$2*P24*-1 -> 0 | F24: =H23*$S$5*-1 -> -11000 | H24: =IFERROR(VLOOKUP(B24,$R$12:$T$17,3,1),0) -> 50000 | K24: =SUM(C24:J24) -> 39000 | L24: =+(1+$S$4)^-(B24/12) -> 0.85167612 | M24: =+K24*L24 -> 33215.368 | N24: =+SUM(K$7:K24) -> -15057400 | P24: =+IF(MOD(B24,12)=0,(1+$S$3)^(B24/12),0) -> 0 | R24: Capital Gain | S24: =SUM(S21:S23) -> 11404692
B25: =+B24+1 -> 18 | E25: =+$S$2*P25*-1 -> 0 | F25: =H24*$S$5*-1 -> -11000 | H25: =IFERROR(VLOOKUP(B25,$R$12:$T$17,3,1),0) -> 55000 | K25: =SUM(C25:J25) -> 44000 | L25: =+(1+$S$4)^-(B25/12) -> 0.8436707 | M25: =+K25*L25 -> 37121.511 | N25: =+SUM(K$7:K25) -> -15013400 | P25: =+IF(MOD(B25,12)=0,(1+$S$3)^(B25/12),0) -> 0
B26: =+B25+1 -> 19 | E26: =+$S$2*P26*-1 -> 0 | F26: =H25*$S$5*-1 -> -12100 | H26: =IFERROR(VLOOKUP(B26,$R$12:$T$17,3,1),0) -> 55000 | K26: =SUM(C26:J26) -> 42900 | L26: =+(1+$S$4)^-(B26/12) -> 0.83574053 | M26: =+K26*L26 -> 35853.269 | N26: =+SUM(K$7:K26) -> -14970500 | P26: =+IF(MOD(B26,12)=0,(1+$S$3)^(B26/12),0) -> 0
B27: =+B26+1 -> 20 | E27: =+$S$2*P27*-1 -> 0 | F27: =H26*$S$5*-1 -> -12100 | H27: =IFERROR(VLOOKUP(B27,$R$12:$T$17,3,1),0) -> 55000 | K27: =SUM(C27:J27) -> 42900 | L27: =+(1+$S$4)^-(B27/12) -> 0.8278849 | M27: =+K27*L27 -> 35516.262 | N27: =+SUM(K$7:K27) -> -14927600 | P27: =+IF(MOD(B27,12)=0,(1+$S$3)^(B27/12),0) -> 0
B28: =+B27+1 -> 21 | E28: =+$S$2*P28*-1 -> 0 | F28: =H27*$S$5*-1 -> -12100 | H28: =IFERROR(VLOOKUP(B28,$R$12:$T$17,3,1),0) -> 55000 | K28: =SUM(C28:J28) -> 42900 | L28: =+(1+$S$4)^-(B28/12) -> 0.82010311 | M28: =+K28*L28 -> 35182.424 | N28: =+SUM(K$7:K28) -> -14884700 | P28: =+IF(MOD(B28,12)=0,(1+$S$3)^(B28/12),0) -> 0
B29: =+B28+1 -> 22 | E29: =+$S$2*P29*-1 -> 0 | F29: =H28*$S$5*-1 -> -12100 | H29: =IFERROR(VLOOKUP(B29,$R$12:$T$17,3,1),0) -> 55000 | K29: =SUM(C29:J29) -> 42900 | L29: =+(1+$S$4)^-(B29/12) -> 0.81239447 | M29: =+K29*L29 -> 34851.723 | N29: =+SUM(K$7:K29) -> -14841800 | P29: =+IF(MOD(B29,12)=0,(1+$S$3)^(B29/12),0) -> 0
B30: =+B29+1 -> 23 | E30: =+$S$2*P30*-1 -> 0 | F30: =H29*$S$5*-1 -> -12100 | H30: =IFERROR(VLOOKUP(B30,$R$12:$T$17,3,1),0) -> 55000 | K30: =SUM(C30:J30) -> 42900 | L30: =+(1+$S$4)^-(B30/12) -> 0.80475829 | M30: =+K30*L30 -> 34524.13 | N30: =+SUM(K$7:K30) -> -14798900 | P30: =+IF(MOD(B30,12)=0,(1+$S$3)^(B30/12),0) -> 0
B31: =+B30+1 -> 24 | E31: =+$S$2*P31*-1 -> -20412 | F31: =H30*$S$5*-1 -> -12100 | H31: =IFERROR(VLOOKUP(B31,$R$12:$T$17,3,1),0) -> 55000 | K31: =SUM(C31:J31) -> 22488 | L31: =+(1+$S$4)^-(B31/12) -> 0.79719388 | M31: =+K31*L31 -> 17927.296 | N31: =+SUM(K$7:K31) -> -14776412 | P31: =+IF(MOD(B31,12)=0,(1+$S$3)^(B31/12),0) -> 1.1664
B32: =+B31+1 -> 25 | E32: =+$S$2*P32*-1 -> 0 | F32: =H31*$S$5*-1 -> -12100 | H32: =IFERROR(VLOOKUP(B32,$R$12:$T$17,3,1),0) -> 55000 | K32: =SUM(C32:J32) -> 42900 | L32: =+(1+$S$4)^-(B32/12) -> 0.78970057 | M32: =+K32*L32 -> 33878.155 | N32: =+SUM(K$7:K32) -> -14733512 | P32: =+IF(MOD(B32,12)=0,(1+$S$3)^(B32/12),0) -> 0
B33: =+B32+1 -> 26 | E33: =+$S$2*P33*-1 -> 0 | F33: =H32*$S$5*-1 -> -12100 | H33: =IFERROR(VLOOKUP(B33,$R$12:$T$17,3,1),0) -> 55000 | K33: =SUM(C33:J33) -> 42900 | L33: =+(1+$S$4)^-(B33/12) -> 0.7822777 | M33: =+K33*L33 -> 33559.713 | N33: =+SUM(K$7:K33) -> -14690612 | P33: =+IF(MOD(B33,12)=0,(1+$S$3)^(B33/12),0) -> 0
B34: =+B33+1 -> 27 | E34: =+$S$2*P34*-1 -> 0 | F34: =H33*$S$5*-1 -> -12100 | H34: =IFERROR(VLOOKUP(B34,$R$12:$T$17,3,1),0) -> 55000 | K34: =SUM(C34:J34) -> 42900 | L34: =+(1+$S$4)^-(B34/12) -> 0.7749246 | M34: =+K34*L34 -> 33244.265 | N34: =+SUM(K$7:K34) -> -14647712 | P34: =+IF(MOD(B34,12)=0,(1+$S$3)^(B34/12),0) -> 0
B35: =+B34+1 -> 28 | E35: =+$S$2*P35*-1 -> 0 | F35: =H34*$S$5*-1 -> -12100 | H35: =IFERROR(VLOOKUP(B35,$R$12:$T$17,3,1),0) -> 55000 | K35: =SUM(C35:J35) -> 42900 | L35: =+(1+$S$4)^-(B35/12) -> 0.76764062 | M35: =+K35*L35 -> 32931.783 | N35: =+SUM(K$7:K35) -> -14604812 | P35: =+IF(MOD(B35,12)=0,(1+$S$3)^(B35/12),0) -> 0
B36: =+B35+1 -> 29 | E36: =+$S$2*P36*-1 -> 0 | F36: =H35*$S$5*-1 -> -12100 | H36: =IFERROR(VLOOKUP(B36,$R$12:$T$17,3,1),0) -> 55000 | K36: =SUM(C36:J36) -> 42900 | L36: =+(1+$S$4)^-(B36/12) -> 0.7604251 | M36: =+K36*L36 -> 32622.237 | N36: =+SUM(K$7:K36) -> -14561912 | P36: =+IF(MOD(B36,12)=0,(1+$S$3)^(B36/12),0) -> 0
... B72: =+B71+1 -> 65 | E72: =+$S$2*P72*-1 -> 0 | F72: =H71*$S$5*-1 -> -16105.1 | H72: =IFERROR(VLOOKUP(B72,$R$12:$T$17,3,1),0) -> 73205 | K72: =SUM(C72:J72) -> 57099.9 | L72: =+(1+$S$4)^-(B72/12) -> 0.54125557 | M72: =+K72*L72 -> 30905.639 | N72: =+SUM(K$7:K72) -> -12755087 | P72: =+IF(MOD(B72,12)=0,(1+$S$3)^(B72/12),0) -> 0
B73: =+B72+1 -> 66 | E73: =+$S$2*P73*-1 -> 0 | F73: =H72*$S$5*-1 -> -16105.1 | G73: =+S24*S6*-1 -> -1710703.9 | H73: =IFERROR(VLOOKUP(B73,$R$12:$T$17,3,1),0) -> 0 | I73: =+-I7 -> -1500000 | J73: =S21 -> 28404692 | K73: =SUM(C73:J73) -> 25177883 | L73: =+(1+$S$4)^-(B73/12) -> 0.53616798 | M73: =+K73*L73 -> 13499575 | N73: =+SUM(K$7:K73) -> 12422797 | P73: =+IF(MOD(B73,12)=0,(1+$S$3)^(B73/12),0) -> 0

Sheet Q.1 (ii)
B3: Accumulated Profit-> | C3: Rs. | D3: ='Q.1 (i)'!N73 -> 12422797

Sheet Q.1 (iii)
C1: Answer | D1: =S21 -> 27067109 | R1: Inputs
L2: NPV-> | M2: =SUM(M7:M73) -> 0 | R2: Initial Insurance Premium | S2: 17500
R3: Insurance inflation | S3: 0.08
R4: IRR | S4: 0.12
C5: Outgoes | H5: Inflows | K5: Present value calculation | R5: Tax on Rent | S5: 0.22
B6: Month | C6: Acquisition | D6: Furnishing | E6: Insurance | F6: Tax on Rent | G6: Capital Gain tax | H6: Rent | I6: Deposit | J6: Sale Proceeds | K6: Net Cashflows | L6: PV Factors | M6: PV of Net Cashflows | N6: Cumulative PV of Cashflows | P6: Insurance Inflation adjustment | R6: Tax on Capital gains | S6: 0.15
B7: 0 | C7: =1.5*10^7*-1 -> -15000000 | E7: =+$S$2*P7*-1 -> -17500 | H7: =IFERROR(VLOOKUP(B7,$R$12:$T$17,3,1),0) -> 0 | I7: =15*10^5 -> 1500000 | K7: =SUM(C7:J7) -> -13517500 | L7: =+(1+$S$4)^-(B7/12) -> 1 | M7: =+K7*L7 -> -13517500 | N7: =+SUM(K$7:K7) -> -13517500 | P7: =+IF(MOD(B7,12)=0,(1+$S$3)^(B7/12),0) -> 1
B8: =+B7+1 -> 1 | E8: =+$S$2*P8*-1 -> 0 | F8: =H7*$S$5*-1 -> 0 | H8: =IFERROR(VLOOKUP(B8,$R$12:$T$17,3,1),0) -> 0 | K8: =SUM(C8:J8) -> 0 | L8: =+(1+$S$4)^-(B8/12) -> 0.9906004 | M8: =+K8*L8 -> 0 | N8: =+SUM(K$7:K8) -> -13517500 | P8: =+IF(MOD(B8,12)=0,(1+$S$3)^(B8/12),0) -> 0
B9: =+B8+1 -> 2 | E9: =+$S$2*P9*-1 -> 0 | F9: =H8*$S$5*-1 -> 0 | H9: =IFERROR(VLOOKUP(B9,$R$12:$T$17,3,1),0) -> 0 | K9: =SUM(C9:J9) -> 0 | L9: =+(1+$S$4)^-(B9/12) -> 0.98128915 | M9: =+K9*L9 -> 0 | N9: =+SUM(K$7:K9) -> -13517500 | P9: =+IF(MOD(B9,12)=0,(1+$S$3)^(B9/12),0) -> 0
B10: =+B9+1 -> 3 | D10: =20*10^5*-1 -> -2000000 | E10: =+$S$2*P10*-1 -> 0 | F10: =H9*$S$5*-1 -> 0 | H10: =IFERROR(VLOOKUP(B10,$R$12:$T$17,3,1),0) -> 0 | K10: =SUM(C10:J10) -> -2000000 | L10: =+(1+$S$4)^-(B10/12) -> 0.97206542 | M10: =+K10*L10 -> -1944130.8 | N10: =+SUM(K$7:K10) -> -15517500 | P10: =+IF(MOD(B10,12)=0,(1+$S$3)^(B10/12),0) -> 0 | R10: Calculation for rent
B11: =+B10+1 -> 4 | E11: =+$S$2*P11*-1 -> 0 | F11: =H10*$S$5*-1 -> 0 | H11: =IFERROR(VLOOKUP(B11,$R$12:$T$17,3,1),0) -> 0 | K11: =SUM(C11:J11) -> 0 | L11: =+(1+$S$4)^-(B11/12) -> 0.96292839 | M11: =+K11*L11 -> 0 | N11: =+SUM(K$7:K11) -> -15517500 | P11: =+IF(MOD(B11,12)=0,(1+$S$3)^(B11/12),0) -> 0 | R11: From | S11: To | T11: Monthly Rent
B12: =+B11+1 -> 5 | E12: =+$S$2*P12*-1 -> 0 | F12: =H11*$S$5*-1 -> 0 | H12: =IFERROR(VLOOKUP(B12,$R$12:$T$17,3,1),0) -> 0 | K12: =SUM(C12:J12) -> 0 | L12: =+(1+$S$4)^-(B12/12) -> 0.95387725 | M12: =+K12*L12 -> 0 | N12: =+SUM(K$7:K12) -> -15517500 | P12: =+IF(MOD(B12,12)=0,(1+$S$3)^(B12/12),0) -> 0 | R12: 6 | S12: =+R12+11 -> 17 | T12: 65000
B13: =+B12+1 -> 6 | E13: =+$S$2*P13*-1 -> 0 | F13: =H12*$S$5*-1 -> 0 | H13: =IFERROR(VLOOKUP(B13,$R$12:$T$17,3,1),0) -> 65000 | K13: =SUM(C13:J13) -> 65000 | L13: =+(1+$S$4)^-(B13/12) -> 0.94491118 | M13: =+K13*L13 -> 61419.227 | N13: =+SUM(K$7:K13) -> -15452500 | P13: =+IF(MOD(B13,12)=0,(1+$S$3)^(B13/12),0) -> 0 | R13: =+S12+1 -> 18 | S13: =+R13+11 -> 29 | T13: =+T12*1.1 -> 71500
B14: =+B13+1 -> 7 | E14: =+$S$2*P14*-1 -> 0 | F14: =H13*$S$5*-1 -> -14300 | H14: =IFERROR(VLOOKUP(B14,$R$12:$T$17,3,1),0) -> 65000 | K14: =SUM(C14:J14) -> 50700 | L14: =+(1+$S$4)^-(B14/12) -> 0.93602939 | M14: =+K14*L14 -> 47456.69 | N14: =+SUM(K$7:K14) -> -15401800 | P14: =+IF(MOD(B14,12)=0,(1+$S$3)^(B14/12),0) -> 0 | R14: =+S13+1 -> 30 | S14: =+R14+11 -> 41 | T14: =+T13*1.1 -> 78650
B15: =+B14+1 -> 8 | E15: =+$S$2*P15*-1 -> 0 | F15: =H14*$S$5*-1 -> -14300 | H15: =IFERROR(VLOOKUP(B15,$R$12:$T$17,3,1),0) -> 65000 | K15: =SUM(C15:J15) -> 50700 | L15: =+(1+$S$4)^-(B15/12) -> 0.92723109 | M15: =+K15*L15 -> 47010.616 | N15: =+SUM(K$7:K15) -> -15351100 | P15: =+IF(MOD(B15,12)=0,(1+$S$3)^(B15/12),0) -> 0 | R15: =+S14+1 -> 42 | S15: =+R15+11 -> 53 | T15: =+T14*1.1 -> 86515
B16: =+B15+1 -> 9 | E16: =+$S$2*P16*-1 -> 0 | F16: =H15*$S$5*-1 -> -14300 | H16: =IFERROR(VLOOKUP(B16,$R$12:$T$17,3,1),0) -> 65000 | K16: =SUM(C16:J16) -> 50700 | L16: =+(1+$S$4)^-(B16/12) -> 0.91851549 | M16: =+K16*L16 -> 46568.735 | N16: =+SUM(K$7:K16) -> -15300400 | P16: =+IF(MOD(B16,12)=0,(1+$S$3)^(B16/12),0) -> 0 | R16: =+S15+1 -> 54 | S16: =+R16+11 -> 65 | T16: =+T15*1.1 -> 95166.5
B17: =+B16+1 -> 10 | E17: =+$S$2*P17*-1 -> 0 | F17: =H16*$S$5*-1 -> -14300 | H17: =IFERROR(VLOOKUP(B17,$R$12:$T$17,3,1),0) -> 65000 | K17: =SUM(C17:J17) -> 50700 | L17: =+(1+$S$4)^-(B17/12) -> 0.90988181 | M17: =+K17*L17 -> 46131.008 | N17: =+SUM(K$7:K17) -> -15249700 | P17: =+IF(MOD(B17,12)=0,(1+$S$3)^(B17/12),0) -> 0 | R17: =+S16+1 -> 66 | S17: =+R17+11 -> 77 | T17: 0
B18: =+B17+1 -> 11 | E18: =+$S$2*P18*-1 -> 0 | F18: =H17*$S$5*-1 -> -14300 | H18: =IFERROR(VLOOKUP(B18,$R$12:$T$17,3,1),0) -> 65000 | K18: =SUM(C18:J18) -> 50700 | L18: =+(1+$S$4)^-(B18/12) -> 0.90132928 | M18: =+K18*L18 -> 45697.394 | N18: =+SUM(K$7:K18) -> -15199000 | P18: =+IF(MOD(B18,12)=0,(1+$S$3)^(B18/12),0) -> 0
B19: =+B18+1 -> 12 | E19: =+$S$2*P19*-1 -> -18900 | F19: =H18*$S$5*-1 -> -14300 | H19: =IFERROR(VLOOKUP(B19,$R$12:$T$17,3,1),0) -> 65000 | K19: =SUM(C19:J19) -> 31800 | L19: =+(1+$S$4)^-(B19/12) -> 0.89285714 | M19: =+K19*L19 -> 28392.857 | N19: =+SUM(K$7:K19) -> -15167200 | P19: =+IF(MOD(B19,12)=0,(1+$S$3)^(B19/12),0) -> 1.08
B20: =+B19+1 -> 13 | E20: =+$S$2*P20*-1 -> 0 | F20: =H19*$S$5*-1 -> -14300 | H20: =IFERROR(VLOOKUP(B20,$R$12:$T$17,3,1),0) -> 65000 | K20: =SUM(C20:J20) -> 50700 | L20: =+(1+$S$4)^-(B20/12) -> 0.88446464 | M20: =+K20*L20 -> 44842.357 | N20: =+SUM(K$7:K20) -> -15116500 | P20: =+IF(MOD(B20,12)=0,(1+$S$3)^(B20/12),0) -> 0 | R20: Calculation for capital gains
B21: =+B20+1 -> 14 | E21: =+$S$2*P21*-1 -> 0 | F21: =H20*$S$5*-1 -> -14300 | H21: =IFERROR(VLOOKUP(B21,$R$12:$T$17,3,1),0) -> 65000 | K21: =SUM(C21:J21) -> 50700 | L21: =+(1+$S$4)^-(B21/12) -> 0.87615103 | M21: =+K21*L21 -> 44420.857 | N21: =+SUM(K$7:K21) -> -15065800 | P21: =+IF(MOD(B21,12)=0,(1+$S$3)^(B21/12),0) -> 0 | R21: Sale Proceeds | S21: 27067109 | T21: Goal seek S21 such that M2 is 0
B22: =+B21+1 -> 15 | E22: =+$S$2*P22*-1 -> 0 | F22: =H21*$S$5*-1 -> -14300 | H22: =IFERROR(VLOOKUP(B22,$R$12:$T$17,3,1),0) -> 65000 | K22: =SUM(C22:J22) -> 50700 | L22: =+(1+$S$4)^-(B22/12) -> 0.86791555 | M22: =+K22*L22 -> 44003.319 | N22: =+SUM(K$7:K22) -> -15015100 | P22: =+IF(MOD(B22,12)=0,(1+$S$3)^(B22/12),0) -> 0 | R22: Acquisition cost | S22: =+C7 -> -15000000
B23: =+B22+1 -> 16 | E23: =+$S$2*P23*-1 -> 0 | F23: =H22*$S$5*-1 -> -14300 | H23: =IFERROR(VLOOKUP(B23,$R$12:$T$17,3,1),0) -> 65000 | K23: =SUM(C23:J23) -> 50700 | L23: =+(1+$S$4)^-(B23/12) -> 0.85975749 | M23: =+K23*L23 -> 43589.705 | N23: =+SUM(K$7:K23) -> -14964400 | P23: =+IF(MOD(B23,12)=0,(1+$S$3)^(B23/12),0) -> 0 | R23: Furnishing cost | S23: =+D10 -> -2000000
B24: =+B23+1 -> 17 | E24: =+$S$2*P24*-1 -> 0 | F24: =H23*$S$5*-1 -> -14300 | H24: =IFERROR(VLOOKUP(B24,$R$12:$T$17,3,1),0) -> 65000 | K24: =SUM(C24:J24) -> 50700 | L24: =+(1+$S$4)^-(B24/12) -> 0.85167612 | M24: =+K24*L24 -> 43179.979 | N24: =+SUM(K$7:K24) -> -14913700 | P24: =+IF(MOD(B24,12)=0,(1+$S$3)^(B24/12),0) -> 0 | R24: Capital Gain | S24: =SUM(S21:S23) -> 10067109
B25: =+B24+1 -> 18 | E25: =+$S$2*P25*-1 -> 0 | F25: =H24*$S$5*-1 -> -14300 | H25: =IFERROR(VLOOKUP(B25,$R$12:$T$17,3,1),0) -> 71500 | K25: =SUM(C25:J25) -> 57200 | L25: =+(1+$S$4)^-(B25/12) -> 0.8436707 | M25: =+K25*L25 -> 48257.964 | N25: =+SUM(K$7:K25) -> -14856500 | P25: =+IF(MOD(B25,12)=0,(1+$S$3)^(B25/12),0) -> 0
B26: =+B25+1 -> 19 | E26: =+$S$2*P26*-1 -> 0 | F26: =H25*$S$5*-1 -> -15730 | H26: =IFERROR(VLOOKUP(B26,$R$12:$T$17,3,1),0) -> 71500 | K26: =SUM(C26:J26) -> 55770 | L26: =+(1+$S$4)^-(B26/12) -> 0.83574053 | M26: =+K26*L26 -> 46609.249 | N26: =+SUM(K$7:K26) -> -14800730 | P26: =+IF(MOD(B26,12)=0,(1+$S$3)^(B26/12),0) -> 0
B27: =+B26+1 -> 20 | E27: =+$S$2*P27*-1 -> 0 | F27: =H26*$S$5*-1 -> -15730 | H27: =IFERROR(VLOOKUP(B27,$R$12:$T$17,3,1),0) -> 71500 | K27: =SUM(C27:J27) -> 55770 | L27: =+(1+$S$4)^-(B27/12) -> 0.8278849 | M27: =+K27*L27 -> 46171.141 | N27: =+SUM(K$7:K27) -> -14744960 | P27: =+IF(MOD(B27,12)=0,(1+$S$3)^(B27/12),0) -> 0
B28: =+B27+1 -> 21 | E28: =+$S$2*P28*-1 -> 0 | F28: =H27*$S$5*-1 -> -15730 | H28: =IFERROR(VLOOKUP(B28,$R$12:$T$17,3,1),0) -> 71500 | K28: =SUM(C28:J28) -> 55770 | L28: =+(1+$S$4)^-(B28/12) -> 0.82010311 | M28: =+K28*L28 -> 45737.151 | N28: =+SUM(K$7:K28) -> -14689190 | P28: =+IF(MOD(B28,12)=0,(1+$S$3)^(B28/12),0) -> 0
B29: =+B28+1 -> 22 | E29: =+$S$2*P29*-1 -> 0 | F29: =H28*$S$5*-1 -> -15730 | H29: =IFERROR(VLOOKUP(B29,$R$12:$T$17,3,1),0) -> 71500 | K29: =SUM(C29:J29) -> 55770 | L29: =+(1+$S$4)^-(B29/12) -> 0.81239447 | M29: =+K29*L29 -> 45307.24 | N29: =+SUM(K$7:K29) -> -14633420 | P29: =+IF(MOD(B29,12)=0,(1+$S$3)^(B29/12),0) -> 0
B30: =+B29+1 -> 23 | E30: =+$S$2*P30*-1 -> 0 | F30: =H29*$S$5*-1 -> -15730 | H30: =IFERROR(VLOOKUP(B30,$R$12:$T$17,3,1),0) -> 71500 | K30: =SUM(C30:J30) -> 55770 | L30: =+(1+$S$4)^-(B30/12) -> 0.80475829 | M30: =+K30*L30 -> 44881.37 | N30: =+SUM(K$7:K30) -> -14577650 | P30: =+IF(MOD(B30,12)=0,(1+$S$3)^(B30/12),0) -> 0
B31: =+B30+1 -> 24 | E31: =+$S$2*P31*-1 -> -20412 | F31: =H30*$S$5*-1 -> -15730 | H31: =IFERROR(VLOOKUP(B31,$R$12:$T$17,3,1),0) -> 71500 | K31: =SUM(C31:J31) -> 35358 | L31: =+(1+$S$4)^-(B31/12) -> 0.79719388 | M31: =+K31*L31 -> 28187.181 | N31: =+SUM(K$7:K31) -> -14542292 | P31: =+IF(MOD(B31,12)=0,(1+$S$3)^(B31/12),0) -> 1.1664
B32: =+B31+1 -> 25 | E32: =+$S$2*P32*-1 -> 0 | F32: =H31*$S$5*-1 -> -15730 | H32: =IFERROR(VLOOKUP(B32,$R$12:$T$17,3,1),0) -> 71500 | K32: =SUM(C32:J32) -> 55770 | L32: =+(1+$S$4)^-(B32/12) -> 0.78970057 | M32: =+K32*L32 -> 44041.601 | N32: =+SUM(K$7:K32) -> -14486522 | P32: =+IF(MOD(B32,12)=0,(1+$S$3)^(B32/12),0) -> 0
B33: =+B32+1 -> 26 | E33: =+$S$2*P33*-1 -> 0 | F33: =H32*$S$5*-1 -> -15730 | H33: =IFERROR(VLOOKUP(B33,$R$12:$T$17,3,1),0) -> 71500 | K33: =SUM(C33:J33) -> 55770 | L33: =+(1+$S$4)^-(B33/12) -> 0.7822777 | M33: =+K33*L33 -> 43627.627 | N33: =+SUM(K$7:K33) -> -14430752 | P33: =+IF(MOD(B33,12)=0,(1+$S$3)^(B33/12),0) -> 0
B34: =+B33+1 -> 27 | E34: =+$S$2*P34*-1 -> 0 | F34: =H33*$S$5*-1 -> -15730 | H34: =IFERROR(VLOOKUP(B34,$R$12:$T$17,3,1),0) -> 71500 | K34: =SUM(C34:J34) -> 55770 | L34: =+(1+$S$4)^-(B34/12) -> 0.7749246 | M34: =+K34*L34 -> 43217.545 | N34: =+SUM(K$7:K34) -> -14374982 | P34: =+IF(MOD(B34,12)=0,(1+$S$3)^(B34/12),0) -> 0
B35: =+B34+1 -> 28 | E35: =+$S$2*P35*-1 -> 0 | F35: =H34*$S$5*-1 -> -15730 | H35: =IFERROR(VLOOKUP(B35,$R$12:$T$17,3,1),0) -> 71500 | K35: =SUM(C35:J35) -> 55770 | L35: =+(1+$S$4)^-(B35/12) -> 0.76764062 | M35: =+K35*L35 -> 42811.317 | N35: =+SUM(K$7:K35) -> -14319212 | P35: =+IF(MOD(B35,12)=0,(1+$S$3)^(B35/12),0) -> 0
B36: =+B35+1 -> 29 | E36: =+$S$2*P36*-1 -> 0 | F36: =H35*$S$5*-1 -> -15730 | H36: =IFERROR(VLOOKUP(B36,$R$12:$T$17,3,1),0) -> 71500 | K36: =SUM(C36:J36) -> 55770 | L36: =+(1+$S$4)^-(B36/12) -> 0.7604251 | M36: =+K36*L36 -> 42408.908 | N36: =+SUM(K$7:K36) -> -14263442 | P36: =+IF(MOD(B36,12)=0,(1+$S$3)^(B36/12),0) -> 0
... B72: =+B71+1 -> 65 | E72: =+$S$2*P72*-1 -> 0 | F72: =H71*$S$5*-1 -> -20936.63 | H72: =IFERROR(VLOOKUP(B72,$R$12:$T$17,3,1),0) -> 95166.5 | K72: =SUM(C72:J72) -> 74229.87 | L72: =+(1+$S$4)^-(B72/12) -> 0.54125557 | M72: =+K72*L72 -> 40177.33 | N72: =+SUM(K$7:K72) -> -11893099 | P72: =+IF(MOD(B72,12)=0,(1+$S$3)^(B72/12),0) -> 0
B73: =+B72+1 -> 66 | E73: =+$S$2*P73*-1 -> 0 | F73: =H72*$S$5*-1 -> -20936.63 | G73: =+S24*S6*-1 -> -1510066.3 | H73: =IFERROR(VLOOKUP(B73,$R$12:$T$17,3,1),0) -> 0 | I73: =+-I7 -> -1500000 | J73: =S21 -> 27067109 | K73: =SUM(C73:J73) -> 24036106 | L73: =+(1+$S$4)^-(B73/12) -> 0.53616798 | M73: =+K73*L73 -> 12887390 | N73: =+SUM(K$7:K73) -> 12143006 | P73: =+IF(MOD(B73,12)=0,(1+$S$3)^(B73/12),0) -> 0

Sheet Q.1 (iv)
B3: Inflation on insurance premium | C3: 0.08
B4: Overall inflation for company | C4: =C3*80% -> 0.064
B5: Nominal yield | C5: 0.12
B7: Real yield | C7: =(C5-C4)/(1+C4) -> 0.052631579

Sheet Q.2-Data
C7: Actual Mortality Table | F7: Actual Investment Returns | I7: Actual Expenses
G8: Index Values
C9: Age | D9: qx | F9: Year | G9: Index level at Ist June of each year | I9: Initial Expenses (year 2002) | J9: 45 | L9: Renewal Expenses (payable from second year of policy onwards)
C10: 0 | D10: 0.00078 | F10: 2002 | G10: 4000 | I10: Claim expense (all years) | J10: 0 | L10: 2002 | M10: 8.89
C11: 1 | D11: 0.00073 | F11: 2003 | G11: 4625.2 | L11: 2003 | M11: 8.89
C12: 2 | D12: 0.00068 | F12: 2004 | G12: 4585.4233 | L12: 2004 | M12: 12.13
C13: 3 | D13: 0.00063 | F13: 2005 | G13: 4287.8293 | L13: 2005 | M13: 12.89
C14: 4 | D14: 0.00058 | F14: 2006 | G14: 3729.9827 | L14: 2006 | M14: 13.68
C15: 5 | D15: 0.00054 | F15: 2007 | G15: 4196.2306 | L15: 2007 | M15: 14.63
C16: 6 | D16: 0.0005 | F16: 2008 | G16: 4602.0061 | L16: 2008 | M16: 14.63
C17: 7 | D17: 0.00047 | F17: 2009 | G17: 5292.307 | L17: 2009 | M17: 15.36
C18: 8 | D18: 0.00045 | F18: 2010 | G18: 5874.4607 | L18: 2010 | M18: 15.47
C19: 9 | D19: 0.00043 | F19: 2011 | G19: 6266.2873 | L19: 2011 | M19: 19.7
C20: 10 | D20: 0.00042 | F20: 2012 | G20: 5466.0824 | L20: 2012 | M20: 12.1
C21: 11 | D21: 0.00042 | F21: 2013 | G21: 6268.5033 | L21: 2013 | M21: 15.41
C22: 12 | D22: 0.00042 | F22: 2014 | G22: 7050.8125 | L22: 2014 | M22: 15.76
... C29: 19 | D29: 0.000891 | F29: 2021 | G29: 11871.609 | L29: 2021 | M29: 19.15
C30: 20 | D30: 0.001039 | F30: 2022 | G30: 11379
C31: 21 | D31: 0.000791
C32: 22 | D32: 0.000947
C33: 23 | D33: 0.000708
C34: 24 | D34: 0.000874
C35: 25 | D35: 0.000645
C36: 26 | D36: 0.000822
C37: 27 | D37: 0.000606
C38: 28 | D38: 0.000797
C39: 29 | D39: 0.000596
C40: 30 | D40: 0.000804
C41: 31 | D41: 0.000621
C42: 32 | D42: 0.000849
... C110: 100 | D110: 0.412438

Sheet Q.2 (i)
G1: Premium per annum | H1: 3000 | I1: Term (years) | J1: 20
G2: Basic Sum assured | H2: 100000 | I2: Age at entry (years) | J2: 30
A7: Year | B7: Return | D7: t | E7: Year | F7: Age | G7: BSA | H7: qx | I7: Gross Policy Reserve t-1V b/f | J7: Premium | K7: IE | L7: RE | M7: Premium after expenses at the end of year (P-IE-RE) | N7: Death cost | O7: At the end of year | P7: Gross Premium reserve at the end of year tV c/f
A8: 2002 | B8: =('Q.2-Data'!G11/'Q.2-Data'!G10)-1 -> 0.1563 | D8: 1 | E8: 2002 | F8: =J2 -> 30 | G8: =H2 -> 100000 | H8: =VLOOKUP(F8,'Q.2-Data'!$C$9:$D$110,2,0) -> 0.000804 | I8: 0 | J8: =H1 -> 3000 | K8: -45 | L8: 0 | M8: =SUM(I8:L8)*(1+B8) -> 3416.8665 | N8: =-G8*H8 -> -80.4 | O8: =M8+N8 -> 3336.4665 | P8: =O8/(1-H8) -> 3339.1512
A9: =A8+1 -> 2003 | B9: =('Q.2-Data'!G12/'Q.2-Data'!G11)-1 -> -0.0086 | D9: 2 | E9: =E8+1 -> 2003 | F9: =F8+1 -> 31 | G9: =G8 -> 100000 | H9: =VLOOKUP(F9,'Q.2-Data'!$C$9:$D$110,2,0) -> 0.000621 | I9: =P8 -> 3339.1512 | J9: =J8 -> 3000 | K9: 0 | L9: =-VLOOKUP(E9,'[1]Q1 data'!$L$10:$M$29,2,0) -> -8.89 | M9: =SUM(I9:L9)*(1+B9) -> 6275.8209 | N9: =-G9*H9 -> -62.1 | O9: =M9+N9 -> 6213.7209 | P9: =O9/(1-H9) -> 6217.582
A10: =A9+1 -> 2004 | B10: =('Q.2-Data'!G13/'Q.2-Data'!G12)-1 -> -0.0649 | D10: 3 | E10: =E9+1 -> 2004 | F10: =F9+1 -> 32 | G10: =G9 -> 100000 | H10: =VLOOKUP(F10,'Q.2-Data'!$C$9:$D$110,2,0) -> 0.000849 | I10: =P9 -> 6217.582 | J10: =J9 -> 3000 | K10: 0 | L10: =-VLOOKUP(E10,'[1]Q1 data'!$L$10:$M$29,2,0) -> -12.13 | M10: =SUM(I10:L10)*(1+B10) -> 8608.0182 | N10: =-G10*H10 -> -84.9 | O10: =M10+N10 -> 8523.1182 | P10: =O10/(1-H10) -> 8530.3605
A11: =A10+1 -> 2005 | B11: =('Q.2-Data'!G14/'Q.2-Data'!G13)-1 -> -0.1301 | D11: 4 | E11: =E10+1 -> 2005 | F11: =F10+1 -> 33 | G11: =G10 -> 100000 | H11: =VLOOKUP(F11,'Q.2-Data'!$C$9:$D$110,2,0) -> 0.000688 | I11: =P10 -> 8530.3605 | J11: =J10 -> 3000 | K11: 0 | L11: =-VLOOKUP(E11,'[1]Q1 data'!$L$10:$M$29,2,0) -> -12.89 | M11: =SUM(I11:L11)*(1+B11) -> 10019.048 | N11: =-G11*H11 -> -68.8 | O11: =M11+N11 -> 9950.2476 | P11: =O11/(1-H11) -> 9957.0981
A12: =A11+1 -> 2006 | B12: =('Q.2-Data'!G15/'Q.2-Data'!G14)-1 -> 0.125 | D12: 5 | E12: =E11+1 -> 2006 | F12: =F11+1 -> 34 | G12: =G11 -> 100000 | H12: =VLOOKUP(F12,'Q.2-Data'!$C$9:$D$110,2,0) -> 0.00084 | I12: =P11 -> 9957.0981 | J12: =J11 -> 3000 | K12: 0 | L12: =-VLOOKUP(E12,'[1]Q1 data'!$L$10:$M$29,2,0) -> -13.68 | M12: =SUM(I12:L12)*(1+B12) -> 14561.345 | N12: =-G12*H12 -> -84 | O12: =M12+N12 -> 14477.345 | P12: =O12/(1-H12) -> 14489.517
A13: =A12+1 -> 2007 | B13: =('Q.2-Data'!G16/'Q.2-Data'!G15)-1 -> 0.0967 | D13: 6 | E13: =E12+1 -> 2007 | F13: =F12+1 -> 35 | G13: =G12 -> 100000 | H13: =VLOOKUP(F13,'Q.2-Data'!$C$9:$D$110,2,0) -> 0.000906 | I13: =P12 -> 14489.517 | J13: =J12 -> 3000 | K13: 0 | L13: =-VLOOKUP(E13,'[1]Q1 data'!$L$10:$M$29,2,0) -> -14.63 | M13: =SUM(I13:L13)*(1+B13) -> 19164.708 | N13: =-G13*H13 -> -90.6 | O13: =M13+N13 -> 19074.108 | P13: =O13/(1-H13) -> 19091.405
A14: =A13+1 -> 2008 | B14: =('Q.2-Data'!G17/'Q.2-Data'!G16)-1 -> 0.15 | D14: 7 | E14: =E13+1 -> 2008 | F14: =F13+1 -> 36 | G14: =G13 -> 100000 | H14: =VLOOKUP(F14,'Q.2-Data'!$C$9:$D$110,2,0) -> 0.000987 | I14: =P13 -> 19091.405 | J14: =J13 -> 3000 | K14: 0 | L14: =-VLOOKUP(E14,'[1]Q1 data'!$L$10:$M$29,2,0) -> -14.63 | M14: =SUM(I14:L14)*(1+B14) -> 25388.291 | N14: =-G14*H14 -> -98.7 | O14: =M14+N14 -> 25289.591 | P14: =O14/(1-H14) -> 25314.577
A15: =A14+1 -> 2009 | B15: =('Q.2-Data'!G18/'Q.2-Data'!G17)-1 -> 0.11 | D15: 8 | E15: =E14+1 -> 2009 | F15: =F14+1 -> 37 | G15: =G14 -> 100000 | H15: =VLOOKUP(F15,'Q.2-Data'!$C$9:$D$110,2,0) -> 0.001084 | I15: =P14 -> 25314.577 | J15: =J14 -> 3000 | K15: 0 | L15: =-VLOOKUP(E15,'[1]Q1 data'!$L$10:$M$29,2,0) -> -15.36 | M15: =SUM(I15:L15)*(1+B15) -> 31412.13 | N15: =-G15*H15 -> -108.4 | O15: =M15+N15 -> 31303.73 | P15: =O15/(1-H15) -> 31337.7
A16: =A15+1 -> 2010 | B16: =('Q.2-Data'!G19/'Q.2-Data'!G18)-1 -> 0.0667 | D16: 9 | E16: =E15+1 -> 2010 | F16: =F15+1 -> 38 | G16: =G15 -> 100000 | H16: =VLOOKUP(F16,'Q.2-Data'!$C$9:$D$110,2,0) -> 0.0012 | I16: =P15 -> 31337.7 | J16: =J15 -> 3000 | K16: 0 | L16: =-VLOOKUP(E16,'[1]Q1 data'!$L$10:$M$29,2,0) -> -15.47 | M16: =SUM(I16:L16)*(1+B16) -> 36611.523 | N16: =-G16*H16 -> -120 | O16: =M16+N16 -> 36491.523 | P16: =O16/(1-H16) -> 36535.366
A17: =A16+1 -> 2011 | B17: =('Q.2-Data'!G20/'Q.2-Data'!G19)-1 -> -0.1277 | D17: 10 | E17: =E16+1 -> 2011 | F17: =F16+1 -> 39 | G17: =G16 -> 100000 | H17: =VLOOKUP(F17,'Q.2-Data'!$C$9:$D$110,2,0) -> 0.001335 | I17: =P16 -> 36535.366 | J17: =J16 -> 3000 | K17: 0 | L17: =-VLOOKUP(E17,'[1]Q1 data'!$L$10:$M$29,2,0) -> -19.7 | M17: =SUM(I17:L17)*(1+B17) -> 34469.515 | N17: =-G17*H17 -> -133.5 | O17: =M17+N17 -> 34336.015 | P17: =O17/(1-H17) -> 34381.915
A18: =A17+1 -> 2012 | B18: =('Q.2-Data'!G21/'Q.2-Data'!G20)-1 -> 0.1468 | D18: 11 | E18: =E17+1 -> 2012 | F18: =F17+1 -> 40 | G18: =G17 -> 100000 | H18: =VLOOKUP(F18,'Q.2-Data'!$C$9:$D$110,2,0) -> 0.001493 | I18: =P17 -> 34381.915 | J18: =J17 -> 3000 | K18: 0 | L18: =-VLOOKUP(E18,'[1]Q1 data'!$L$10:$M$29,2,0) -> -12.1 | M18: =SUM(I18:L18)*(1+B18) -> 42855.704 | N18: =-G18*H18 -> -149.3 | O18: =M18+N18 -> 42706.404 | P18: =O18/(1-H18) -> 42770.26
A19: =A18+1 -> 2013 | B19: =('Q.2-Data'!G22/'Q.2-Data'!G21)-1 -> 0.1248 | D19: 12 | E19: =E18+1 -> 2013 | F19: =F18+1 -> 41 | G19: =G18 -> 100000 | H19: =VLOOKUP(F19,'Q.2-Data'!$C$9:$D$110,2,0) -> 0.001674 | I19: =P18 -> 42770.26 | J19: =J18 -> 3000 | K19: 0 | L19: =-VLOOKUP(E19,'[1]Q1 data'!$L$10:$M$29,2,0) -> -15.41 | M19: =SUM(I19:L19)*(1+B19) -> 51465.055 | N19: =-G19*H19 -> -167.4 | O19: =M19+N19 -> 51297.655 | P19: =O19/(1-H19) -> 51383.671
A20: =A19+1 -> 2014 | B20: =('Q.2-Data'!G23/'Q.2-Data'!G22)-1 -> 0.0701 | D20: 13 | E20: =E19+1 -> 2014 | F20: =F19+1 -> 42 | G20: =G19 -> 100000 | H20: =VLOOKUP(F20,'Q.2-Data'!$C$9:$D$110,2,0) -> 0.001881 | I20: =P19 -> 51383.671 | J20: =J19 -> 3000 | K20: 0 | L20: =-VLOOKUP(E20,'[1]Q1 data'!$L$10:$M$29,2,0) -> -15.76 | M20: =SUM(I20:L20)*(1+B20) -> 58179.102 | N20: =-G20*H20 -> -188.1 | O20: =M20+N20 -> 57991.002 | P20: =O20/(1-H20) -> 58100.289
... A27: =A26+1 -> 2021 | B27: =('Q.2-Data'!G30/'Q.2-Data'!G29)-1 -> -0.041494742 | D27: 20 | E27: =E26+1 -> 2021 | F27: =F26+1 -> 49 | G27: =G26 -> 100000 | H27: =VLOOKUP(F27,'Q.2-Data'!$C$9:$D$110,2,0) -> 0.004309 | I27: =P26 -> 114361.72 | J27: =J26 -> 3000 | K27: 0 | L27: =-VLOOKUP(E27,'[1]Q1 data'!$L$10:$M$29,2,0) -> -19.15 | M27: =SUM(I27:L27)*(1+B27) -> 112473.47 | N27: =-G27*H27 -> -430.9 | O27: =M27+N27 -> 112042.57 | P27: =O27/(1-H27) -> 112527.45

Sheet Q.2 (ii)
C5: Policy Value at the end of term | D5: ='Q.2 (i)'!P27 -> 112527.45
C7: BSA | D7: ='Q.2 (i)'!H2 -> 100000
C8: Terminal Bonus | D8: =95%*D5-D7 -> 6901.0781
C9: TB percentage | D9: =D8/D7 -> 0.069010781

Sheet Q.2 (iii)
G1: Premium per annum | H1: 3215.483 | I1: Term (years) | J1: 20
G2: Basic Sum assured | H2: 100000 | I2: Age at entry (years) | J2: 30
A7: Year | B7: Return | D7: t | E7: Year | F7: Age | G7: BSA | H7: qx | I7: Gross Policy Reserve t-1V b/f | J7: Premium | K7: IE | L7: RE | M7: Premium after expenses at the end of year (P-IE-RE) | N7: Death cost | O7: At the end of year | P7: Gross Premium reserve at the end of year tV c/f
A8: 2002 | B8: =('Q.2-Data'!G11/'Q.2-Data'!G10)-1 -> 0.1563 | D8: 1 | E8: 2002 | F8: =J2 -> 30 | G8: =H2 -> 100000 | H8: =VLOOKUP(F8,'Q.2-Data'!$C$9:$D$110,2,0) -> 0.000804 | I8: 0 | J8: =H1 -> 3215.483 | K8: -45 | L8: 0 | M8: =SUM(I8:L8)*(1+B8) -> 3666.0295 | N8: =-G8*H8 -> -80.4 | O8: =M8+N8 -> 3585.6295 | P8: =O8/(1-H8) -> 3588.5146
A9: =A8+1 -> 2003 | B9: =('Q.2-Data'!G12/'Q.2-Data'!G11)-1 -> -0.0086 | D9: 2 | E9: =E8+1 -> 2003 | F9: =F8+1 -> 31 | G9: =G8 -> 100000 | H9: =VLOOKUP(F9,'Q.2-Data'!$C$9:$D$110,2,0) -> 0.000621 | I9: =P8 -> 3588.5146 | J9: =J8 -> 3215.483 | K9: 0 | L9: =-VLOOKUP(E9,'[1]Q1 data'!$L$10:$M$29,2,0) -> -8.89 | M9: =SUM(I9:L9)*(1+B9) -> 6736.6697 | N9: =-G9*H9 -> -62.1 | O9: =M9+N9 -> 6674.5697 | P9: =O9/(1-H9) -> 6678.7172
A10: =A9+1 -> 2004 | B10: =('Q.2-Data'!G13/'Q.2-Data'!G12)-1 -> -0.0649 | D10: 3 | E10: =E9+1 -> 2004 | F10: =F9+1 -> 32 | G10: =G9 -> 100000 | H10: =VLOOKUP(F10,'Q.2-Data'!$C$9:$D$110,2,0) -> 0.000849 | I10: =P9 -> 6678.7172 | J10: =J9 -> 3215.483 | K10: 0 | L10: =-VLOOKUP(E10,'[1]Q1 data'!$L$10:$M$29,2,0) -> -12.13 | M10: =SUM(I10:L10)*(1+B10) -> 9240.7238 | N10: =-G10*H10 -> -84.9 | O10: =M10+N10 -> 9155.8238 | P10: =O10/(1-H10) -> 9163.6037
A11: =A10+1 -> 2005 | B11: =('Q.2-Data'!G14/'Q.2-Data'!G13)-1 -> -0.1301 | D11: 4 | E11: =E10+1 -> 2005 | F11: =F10+1 -> 33 | G11: =G10 -> 100000 | H11: =VLOOKUP(F11,'Q.2-Data'!$C$9:$D$110,2,0) -> 0.000688 | I11: =P10 -> 9163.6037 | J11: =J10 -> 3215.483 | K11: 0 | L11: =-VLOOKUP(E11,'[1]Q1 data'!$L$10:$M$29,2,0) -> -12.89 | M11: =SUM(I11:L11)*(1+B11) -> 10757.354 | N11: =-G11*H11 -> -68.8 | O11: =M11+N11 -> 10688.554 | P11: =O11/(1-H11) -> 10695.913 | R11: Policy Value at the end of term | S11: =P27 -> 121052.63
A12: =A11+1 -> 2006 | B12: =('Q.2-Data'!G15/'Q.2-Data'!G14)-1 -> 0.125 | D12: 5 | E12: =E11+1 -> 2006 | F12: =F11+1 -> 34 | G12: =G11 -> 100000 | H12: =VLOOKUP(F12,'Q.2-Data'!$C$9:$D$110,2,0) -> 0.00084 | I12: =P11 -> 10695.913 | J12: =J11 -> 3215.483 | K12: 0 | L12: =-VLOOKUP(E12,'[1]Q1 data'!$L$10:$M$29,2,0) -> -13.68 | M12: =SUM(I12:L12)*(1+B12) -> 15634.931 | N12: =-G12*H12 -> -84 | O12: =M12+N12 -> 15550.931 | P12: =O12/(1-H12) -> 15564.005
A13: =A12+1 -> 2007 | B13: =('Q.2-Data'!G16/'Q.2-Data'!G15)-1 -> 0.0967 | D13: 6 | E13: =E12+1 -> 2007 | F13: =F12+1 -> 35 | G13: =G12 -> 100000 | H13: =VLOOKUP(F13,'Q.2-Data'!$C$9:$D$110,2,0) -> 0.000906 | I13: =P12 -> 15564.005 | J13: =J12 -> 3215.483 | K13: 0 | L13: =-VLOOKUP(E13,'[1]Q1 data'!$L$10:$M$29,2,0) -> -14.63 | M13: =SUM(I13:L13)*(1+B13) -> 20579.419 | N13: =-G13*H13 -> -90.6 | O13: =M13+N13 -> 20488.819 | P13: =O13/(1-H13) -> 20507.399 | R13: BSA | S13: =G8 -> 100000
A14: =A13+1 -> 2008 | B14: =('Q.2-Data'!G17/'Q.2-Data'!G16)-1 -> 0.15 | D14: 7 | E14: =E13+1 -> 2008 | F14: =F13+1 -> 36 | G14: =G13 -> 100000 | H14: =VLOOKUP(F14,'Q.2-Data'!$C$9:$D$110,2,0) -> 0.000987 | I14: =P13 -> 20507.399 | J14: =J13 -> 3215.483 | K14: 0 | L14: =-VLOOKUP(E14,'[1]Q1 data'!$L$10:$M$29,2,0) -> -14.63 | M14: =SUM(I14:L14)*(1+B14) -> 27264.49 | N14: =-G14*H14 -> -98.7 | O14: =M14+N14 -> 27165.79 | P14: =O14/(1-H14) -> 27192.629 | R14: Terminal Bonus | S14: =95%*S11-S13 -> 15000
A15: =A14+1 -> 2009 | B15: =('Q.2-Data'!G18/'Q.2-Data'!G17)-1 -> 0.11 | D15: 8 | E15: =E14+1 -> 2009 | F15: =F14+1 -> 37 | G15: =G14 -> 100000 | H15: =VLOOKUP(F15,'Q.2-Data'!$C$9:$D$110,2,0) -> 0.001084 | I15: =P14 -> 27192.629 | J15: =J14 -> 3215.483 | K15: 0 | L15: =-VLOOKUP(E15,'[1]Q1 data'!$L$10:$M$29,2,0) -> -15.36 | M15: =SUM(I15:L15)*(1+B15) -> 33735.954 | N15: =-G15*H15 -> -108.4 | O15: =M15+N15 -> 33627.554 | P15: =O15/(1-H15) -> 33664.046 | R15: TB percentage | S15: =S14/S13 -> 0.15
A16: =A15+1 -> 2010 | B16: =('Q.2-Data'!G19/'Q.2-Data'!G18)-1 -> 0.0667 | D16: 9 | E16: =E15+1 -> 2010 | F16: =F15+1 -> 38 | G16: =G15 -> 100000 | H16: =VLOOKUP(F16,'Q.2-Data'!$C$9:$D$110,2,0) -> 0.0012 | I16: =P15 -> 33664.046 | J16: =J15 -> 3215.483 | K16: 0 | L16: =-VLOOKUP(E16,'[1]Q1 data'!$L$10:$M$29,2,0) -> -15.47 | M16: =SUM(I16:L16)*(1+B16) -> 39322.892 | N16: =-G16*H16 -> -120 | O16: =M16+N16 -> 39202.892 | P16: =O16/(1-H16) -> 39249.992 | R16: TB percentage - target | S16: 0.15
A17: =A16+1 -> 2011 | B17: =('Q.2-Data'!G20/'Q.2-Data'!G19)-1 -> -0.1277 | D17: 10 | E17: =E16+1 -> 2011 | F17: =F16+1 -> 39 | G17: =G16 -> 100000 | H17: =VLOOKUP(F17,'Q.2-Data'!$C$9:$D$110,2,0) -> 0.001335 | I17: =P16 -> 39249.992 | J17: =J16 -> 3215.483 | K17: 0 | L17: =-VLOOKUP(E17,'[1]Q1 data'!$L$10:$M$29,2,0) -> -19.7 | M17: =SUM(I17:L17)*(1+B17) -> 37025.45 | N17: =-G17*H17 -> -133.5 | O17: =M17+N17 -> 36891.95 | P17: =O17/(1-H17) -> 36941.266
A18: =A17+1 -> 2012 | B18: =('Q.2-Data'!G21/'Q.2-Data'!G20)-1 -> 0.1468 | D18: 11 | E18: =E17+1 -> 2012 | F18: =F17+1 -> 40 | G18: =G17 -> 100000 | H18: =VLOOKUP(F18,'Q.2-Data'!$C$9:$D$110,2,0) -> 0.001493 | I18: =P17 -> 36941.266 | J18: =J17 -> 3215.483 | K18: 0 | L18: =-VLOOKUP(E18,'[1]Q1 data'!$L$10:$M$29,2,0) -> -12.1 | M18: =SUM(I18:L18)*(1+B18) -> 46037.884 | N18: =-G18*H18 -> -149.3 | O18: =M18+N18 -> 45888.584 | P18: =O18/(1-H18) -> 45957.198 | R18: Check that PRE is met | S18: =S15-S16 -> -3.6359804e-15
A19: =A18+1 -> 2013 | B19: =('Q.2-Data'!G22/'Q.2-Data'!G21)-1 -> 0.1248 | D19: 12 | E19: =E18+1 -> 2013 | F19: =F18+1 -> 41 | G19: =G18 -> 100000 | H19: =VLOOKUP(F19,'Q.2-Data'!$C$9:$D$110,2,0) -> 0.001674 | I19: =P18 -> 45957.198 | J19: =J18 -> 3215.483 | K19: 0 | L19: =-VLOOKUP(E19,'[1]Q1 data'!$L$10:$M$29,2,0) -> -15.41 | M19: =SUM(I19:L19)*(1+B19) -> 55292.098 | N19: =-G19*H19 -> -167.4 | O19: =M19+N19 -> 55124.698 | P19: =O19/(1-H19) -> 55217.131
A20: =A19+1 -> 2014 | B20: =('Q.2-Data'!G23/'Q.2-Data'!G22)-1 -> 0.0701 | D20: 13 | E20: =E19+1 -> 2014 | F20: =F19+1 -> 42 | G20: =G19 -> 100000 | H20: =VLOOKUP(F20,'Q.2-Data'!$C$9:$D$110,2,0) -> 0.001881 | I20: =P19 -> 55217.131 | J20: =J19 -> 3215.483 | K20: 0 | L20: =-VLOOKUP(E20,'[1]Q1 data'!$L$10:$M$29,2,0) -> -15.76 | M20: =SUM(I20:L20)*(1+B20) -> 62511.876 | N20: =-G20*H20 -> -188.1 | O20: =M20+N20 -> 62323.776 | P20: =O20/(1-H20) -> 62441.228 | R20: Premium to meet PRE | S20: =H1 -> 3215.483
A21: =A20+1 -> 2015 | B21: =('Q.2-Data'!G24/'Q.2-Data'!G23)-1 -> 0.0855 | D21: 14 | E21: =E20+1 -> 2015 | F21: =F20+1 -> 43 | G21: =G20 -> 100000 | H21: =VLOOKUP(F21,'Q.2-Data'!$C$9:$D$110,2,0) -> 0.002118 | I21: =P20 -> 62441.228 | J21: =J20 -> 3215.483 | K21: 0 | L21: =-VLOOKUP(E21,'[1]Q1 data'!$L$10:$M$29,2,0) -> -15.7 | M21: =SUM(I21:L21)*(1+B21) -> 71253.317 | N21: =-G21*H21 -> -211.8 | O21: =M21+N21 -> 71041.517 | P21: =O21/(1-H21) -> 71192.303
A22: =A21+1 -> 2016 | B22: =('Q.2-Data'!G25/'Q.2-Data'!G24)-1 -> 0.0988 | D22: 15 | E22: =E21+1 -> 2016 | F22: =F21+1 -> 44 | G22: =G21 -> 100000 | H22: =VLOOKUP(F22,'Q.2-Data'!$C$9:$D$110,2,0) -> 0.002385 | I22: =P21 -> 71192.303 | J22: =J21 -> 3215.483 | K22: 0 | L22: =-VLOOKUP(E22,'[1]Q1 data'!$L$10:$M$29,2,0) -> -16.44 | M22: =SUM(I22:L22)*(1+B22) -> 81741.211 | N22: =-G22*H22 -> -238.5 | O22: =M22+N22 -> 81502.711 | P22: =O22/(1-H22) -> 81697.559
A23: =A22+1 -> 2017 | B23: =('Q.2-Data'!G26/'Q.2-Data'!G25)-1 -> 0.1016 | D23: 16 | E23: =E22+1 -> 2017 | F23: =F22+1 -> 45 | G23: =G22 -> 100000 | H23: =VLOOKUP(F23,'Q.2-Data'!$C$9:$D$110,2,0) -> 0.002687 | I23: =P22 -> 81697.559 | J23: =J22 -> 3215.483 | K23: 0 | L23: =-VLOOKUP(E23,'[1]Q1 data'!$L$10:$M$29,2,0) -> -16.69 | M23: =SUM(I23:L23)*(1+B23) -> 93521.822 | N23: =-G23*H23 -> -268.7 | O23: =M23+N23 -> 93253.122 | P23: =O23/(1-H23) -> 93504.368
A24: =A23+1 -> 2018 | B24: =('Q.2-Data'!G27/'Q.2-Data'!G26)-1 -> 0.0293 | D24: 17 | E24: =E23+1 -> 2018 | F24: =F23+1 -> 46 | G24: =G23 -> 100000 | H24: =VLOOKUP(F24,'Q.2-Data'!$C$9:$D$110,2,0) -> 0.003027 | I24: =P23 -> 93504.368 | J24: =J23 -> 3215.483 | K24: 0 | L24: =-VLOOKUP(E24,'[1]Q1 data'!$L$10:$M$29,2,0) -> -18.19 | M24: =SUM(I24:L24)*(1+B24) -> 99535.019 | N24: =-G24*H24 -> -302.7 | O24: =M24+N24 -> 99232.319 | P24: =O24/(1-H24) -> 99533.608
A25: =A24+1 -> 2019 | B25: =('Q.2-Data'!G28/'Q.2-Data'!G27)-1 -> 0.1115 | D25: 18 | E25: =E24+1 -> 2019 | F25: =F24+1 -> 47 | G25: =G24 -> 100000 | H25: =VLOOKUP(F25,'Q.2-Data'!$C$9:$D$110,2,0) -> 0.003408 | I25: =P24 -> 99533.608 | J25: =J24 -> 3215.483 | K25: 0 | L25: =-VLOOKUP(E25,'[1]Q1 data'!$L$10:$M$29,2,0) -> -18.99 | M25: =SUM(I25:L25)*(1+B25) -> 114184.51 | N25: =-G25*H25 -> -340.8 | O25: =M25+N25 -> 113843.71 | P25: =O25/(1-H25) -> 114233.01
A26: =A25+1 -> 2020 | B26: =('Q.2-Data'!G29/'Q.2-Data'!G28)-1 -> 0.0467 | D26: 19 | E26: =E25+1 -> 2020 | F26: =F25+1 -> 48 | G26: =G25 -> 100000 | H26: =VLOOKUP(F26,'Q.2-Data'!$C$9:$D$110,2,0) -> 0.003834 | I26: =P25 -> 114233.01 | J26: =J25 -> 3215.483 | K26: 0 | L26: =-VLOOKUP(E26,'[1]Q1 data'!$L$10:$M$29,2,0) -> -18.51 | M26: =SUM(I26:L26)*(1+B26) -> 122913.97 | N26: =-G26*H26 -> -383.4 | O26: =M26+N26 -> 122530.57 | P26: =O26/(1-H26) -> 123002.16
A27: =A26+1 -> 2021 | B27: =('Q.2-Data'!G30/'Q.2-Data'!G29)-1 -> -0.041494742 | D27: 20 | E27: =E26+1 -> 2021 | F27: =F26+1 -> 49 | G27: =G26 -> 100000 | H27: =VLOOKUP(F27,'Q.2-Data'!$C$9:$D$110,2,0) -> 0.004309 | I27: =P26 -> 123002.16 | J27: =J26 -> 3215.483 | K27: 0 | L27: =-VLOOKUP(E27,'[1]Q1 data'!$L$10:$M$29,2,0) -> -19.15 | M27: =SUM(I27:L27)*(1+B27) -> 120961.92 | N27: =-G27*H27 -> -430.9 | O27: =M27+N27 -> 120531.02 | P27: =O27/(1-H27) -> 121052.63

Sheet Q.2 (iv)
C4: What Creates PRE
C6: The main sources are:
B7: 1 | C7: Bonus distribution philosophy as communicated at time of sale of policy
B8: 2 | C8: past practices of the company
B9: 2 | C9: any marketing material , communication with policyholder issued post sale of policy
B10: 3 | C10: Current practice of the insurance industry

Sheet Q.2 (v)
G1: Premium per annum | H1: 3000 | I1: Term (years) | J1: 20
G2: Basic Sum assured | H2: 100000 | I2: Age at entry (years) | J2: 30
A7: Year | B7: Return | D7: t | E7: Year | F7: Age | G7: BSA | H7: qx | I7: Gross Policy Reserve t-1V b/f | J7: Premium | K7: IE | L7: RE | M7: Premium after expenses at the end of year (P-IE-RE) | N7: Death cost | O7: At the end of year | P7: Gross Premium reserve at the end of year tV c/f
A8: 2002 | B8: =MAX(0,('Q.2-Data'!G11/'Q.2-Data'!G10)-1) -> 0.1563 | D8: 1 | E8: 2002 | F8: =J2 -> 30 | G8: =H2 -> 100000 | H8: =VLOOKUP(F8,'Q.2-Data'!$C$9:$D$110,2,0) -> 0.000804 | I8: 0 | J8: =H1 -> 3000 | K8: -45 | L8: 0 | M8: =SUM(I8:L8)*(1+B8) -> 3416.8665 | N8: =-G8*H8 -> -80.4 | O8: =M8+N8 -> 3336.4665 | P8: =O8/(1-H8) -> 3339.1512
A9: =A8+1 -> 2003 | B9: =MAX(0,('Q.2-Data'!G12/'Q.2-Data'!G11)-1) -> 0 | D9: 2 | E9: =E8+1 -> 2003 | F9: =F8+1 -> 31 | G9: =G8 -> 100000 | H9: =VLOOKUP(F9,'Q.2-Data'!$C$9:$D$110,2,0) -> 0.000621 | I9: =P8 -> 3339.1512 | J9: =J8 -> 3000 | K9: 0 | L9: =-VLOOKUP(E9,'[1]Q1 data'!$L$10:$M$29,2,0) -> -8.89 | M9: =SUM(I9:L9)*(1+B9) -> 6330.2612 | N9: =-G9*H9 -> -62.1 | O9: =M9+N9 -> 6268.1612 | P9: =O9/(1-H9) -> 6272.0561 | S9: Results assuming non-negative returns | T9: Results assuming actual returns
A10: =A9+1 -> 2004 | B10: =MAX(0,('Q.2-Data'!G13/'Q.2-Data'!G12)-1) -> 0 | D10: 3 | E10: =E9+1 -> 2004 | F10: =F9+1 -> 32 | G10: =G9 -> 100000 | H10: =VLOOKUP(F10,'Q.2-Data'!$C$9:$D$110,2,0) -> 0.000849 | I10: =P9 -> 6272.0561 | J10: =J9 -> 3000 | K10: 0 | L10: =-VLOOKUP(E10,'[1]Q1 data'!$L$10:$M$29,2,0) -> -12.13 | M10: =SUM(I10:L10)*(1+B10) -> 9259.9261 | N10: =-G10*H10 -> -84.9 | O10: =M10+N10 -> 9175.0261 | P10: =O10/(1-H10) -> 9182.8223
A11: =A10+1 -> 2005 | B11: =MAX(0,('Q.2-Data'!G14/'Q.2-Data'!G13)-1) -> 0 | D11: 4 | E11: =E10+1 -> 2005 | F11: =F10+1 -> 33 | G11: =G10 -> 100000 | H11: =VLOOKUP(F11,'Q.2-Data'!$C$9:$D$110,2,0) -> 0.000688 | I11: =P10 -> 9182.8223 | J11: =J10 -> 3000 | K11: 0 | L11: =-VLOOKUP(E11,'[1]Q1 data'!$L$10:$M$29,2,0) -> -12.89 | M11: =SUM(I11:L11)*(1+B11) -> 12169.932 | N11: =-G11*H11 -> -68.8 | O11: =M11+N11 -> 12101.132 | P11: =O11/(1-H11) -> 12109.464 | R11: Policy Value at the end of term | S11: =P27 -> 136809.08 | T11: ='Q.2 (ii)'!D5 -> 112527.45
A12: =A11+1 -> 2006 | B12: =MAX(0,('Q.2-Data'!G15/'Q.2-Data'!G14)-1) -> 0.125 | D12: 5 | E12: =E11+1 -> 2006 | F12: =F11+1 -> 34 | G12: =G11 -> 100000 | H12: =VLOOKUP(F12,'Q.2-Data'!$C$9:$D$110,2,0) -> 0.00084 | I12: =P11 -> 12109.464 | J12: =J11 -> 3000 | K12: 0 | L12: =-VLOOKUP(E12,'[1]Q1 data'!$L$10:$M$29,2,0) -> -13.68 | M12: =SUM(I12:L12)*(1+B12) -> 16982.757 | N12: =-G12*H12 -> -84 | O12: =M12+N12 -> 16898.757 | P12: =O12/(1-H12) -> 16912.963
A13: =A12+1 -> 2007 | B13: =MAX(0,('Q.2-Data'!G16/'Q.2-Data'!G15)-1) -> 0.0967 | D13: 6 | E13: =E12+1 -> 2007 | F13: =F12+1 -> 35 | G13: =G12 -> 100000 | H13: =VLOOKUP(F13,'Q.2-Data'!$C$9:$D$110,2,0) -> 0.000906 | I13: =P12 -> 16912.963 | J13: =J12 -> 3000 | K13: 0 | L13: =-VLOOKUP(E13,'[1]Q1 data'!$L$10:$M$29,2,0) -> -14.63 | M13: =SUM(I13:L13)*(1+B13) -> 21822.502 | N13: =-G13*H13 -> -90.6 | O13: =M13+N13 -> 21731.902 | P13: =O13/(1-H13) -> 21751.609 | R13: BSA | S13: =G8 -> 100000 | T13: ='Q.2 (ii)'!D7 -> 100000
A14: =A13+1 -> 2008 | B14: =MAX(0,('Q.2-Data'!G17/'Q.2-Data'!G16)-1) -> 0.15 | D14: 7 | E14: =E13+1 -> 2008 | F14: =F13+1 -> 36 | G14: =G13 -> 100000 | H14: =VLOOKUP(F14,'Q.2-Data'!$C$9:$D$110,2,0) -> 0.000987 | I14: =P13 -> 21751.609 | J14: =J13 -> 3000 | K14: 0 | L14: =-VLOOKUP(E14,'[1]Q1 data'!$L$10:$M$29,2,0) -> -14.63 | M14: =SUM(I14:L14)*(1+B14) -> 28447.526 | N14: =-G14*H14 -> -98.7 | O14: =M14+N14 -> 28348.826 | P14: =O14/(1-H14) -> 28376.834 | R14: Terminal Bonus | S14: =95%*S11-S13 -> 29968.623 | T14: ='Q.2 (ii)'!D8 -> 6901.0781
A15: =A14+1 -> 2009 | B15: =MAX(0,('Q.2-Data'!G18/'Q.2-Data'!G17)-1) -> 0.11 | D15: 8 | E15: =E14+1 -> 2009 | F15: =F14+1 -> 37 | G15: =G14 -> 100000 | H15: =VLOOKUP(F15,'Q.2-Data'!$C$9:$D$110,2,0) -> 0.001084 | I15: =P14 -> 28376.834 | J15: =J14 -> 3000 | K15: 0 | L15: =-VLOOKUP(E15,'[1]Q1 data'!$L$10:$M$29,2,0) -> -15.36 | M15: =SUM(I15:L15)*(1+B15) -> 34811.236 | N15: =-G15*H15 -> -108.4 | O15: =M15+N15 -> 34702.836 | P15: =O15/(1-H15) -> 34740.495 | R15: TB percentage | S15: =S14/S13 -> 0.29968623 | T15: ='Q.2 (ii)'!D9 -> 0.069010781
A16: =A15+1 -> 2010 | B16: =MAX(0,('Q.2-Data'!G19/'Q.2-Data'!G18)-1) -> 0.0667 | D16: 9 | E16: =E15+1 -> 2010 | F16: =F15+1 -> 38 | G16: =G15 -> 100000 | H16: =VLOOKUP(F16,'Q.2-Data'!$C$9:$D$110,2,0) -> 0.0012 | I16: =P15 -> 34740.495 | J16: =J15 -> 3000 | K16: 0 | L16: =-VLOOKUP(E16,'[1]Q1 data'!$L$10:$M$29,2,0) -> -15.47 | M16: =SUM(I16:L16)*(1+B16) -> 40241.284 | N16: =-G16*H16 -> -120 | O16: =M16+N16 -> 40121.284 | P16: =O16/(1-H16) -> 40169.488
A17: =A16+1 -> 2011 | B17: =MAX(0,('Q.2-Data'!G20/'Q.2-Data'!G19)-1) -> 0 | D17: 10 | E17: =E16+1 -> 2011 | F17: =F16+1 -> 39 | G17: =G16 -> 100000 | H17: =VLOOKUP(F17,'Q.2-Data'!$C$9:$D$110,2,0) -> 0.001335 | I17: =P16 -> 40169.488 | J17: =J16 -> 3000 | K17: 0 | L17: =-VLOOKUP(E17,'[1]Q1 data'!$L$10:$M$29,2,0) -> -19.7 | M17: =SUM(I17:L17)*(1+B17) -> 43149.788 | N17: =-G17*H17 -> -133.5 | O17: =M17+N17 -> 43016.288 | P17: =O17/(1-H17) -> 43073.791 | R17: Increase in TB due to gtee | S17: =S14-T14 -> 23067.545
A18: =A17+1 -> 2012 | B18: =MAX(0,('Q.2-Data'!G21/'Q.2-Data'!G20)-1) -> 0.1468 | D18: 11 | E18: =E17+1 -> 2012 | F18: =F17+1 -> 40 | G18: =G17 -> 100000 | H18: =VLOOKUP(F18,'Q.2-Data'!$C$9:$D$110,2,0) -> 0.001493 | I18: =P17 -> 43073.791 | J18: =J17 -> 3000 | K18: 0 | L18: =-VLOOKUP(E18,'[1]Q1 data'!$L$10:$M$29,2,0) -> -12.1 | M18: =SUM(I18:L18)*(1+B18) -> 52823.547 | N18: =-G18*H18 -> -149.3 | O18: =M18+N18 -> 52674.247 | P18: =O18/(1-H18) -> 52753.008
A19: =A18+1 -> 2013 | B19: =MAX(0,('Q.2-Data'!G22/'Q.2-Data'!G21)-1) -> 0.1248 | D19: 12 | E19: =E18+1 -> 2013 | F19: =F18+1 -> 41 | G19: =G18 -> 100000 | H19: =VLOOKUP(F19,'Q.2-Data'!$C$9:$D$110,2,0) -> 0.001674 | I19: =P18 -> 52753.008 | J19: =J18 -> 3000 | K19: 0 | L19: =-VLOOKUP(E19,'[1]Q1 data'!$L$10:$M$29,2,0) -> -15.41 | M19: =SUM(I19:L19)*(1+B19) -> 62693.65 | N19: =-G19*H19 -> -167.4 | O19: =M19+N19 -> 62526.25 | P19: =O19/(1-H19) -> 62631.094 | R19: Value earned by company | S19: =T11 -> 112527.45 | T19: =T11 -> 112527.45
A20: =A19+1 -> 2014 | B20: =MAX(0,('Q.2-Data'!G23/'Q.2-Data'!G22)-1) -> 0.0701 | D20: 13 | E20: =E19+1 -> 2014 | F20: =F19+1 -> 42 | G20: =G19 -> 100000 | H20: =VLOOKUP(F20,'Q.2-Data'!$C$9:$D$110,2,0) -> 0.001881 | I20: =P19 -> 62631.094 | J20: =J19 -> 3000 | K20: 0 | L20: =-VLOOKUP(E20,'[1]Q1 data'!$L$10:$M$29,2,0) -> -15.76 | M20: =SUM(I20:L20)*(1+B20) -> 70214.969 | N20: =-G20*H20 -> -188.1 | O20: =M20+N20 -> 70026.869 | P20: =O20/(1-H20) -> 70158.838 | R20: Value paid by company | S20: =S13+S14 -> 129968.62 | T20: =T13+T14 -> 106901.08
A21: =A20+1 -> 2015 | B21: =MAX(0,('Q.2-Data'!G24/'Q.2-Data'!G23)-1) -> 0.0855 | D21: 14 | E21: =E20+1 -> 2015 | F21: =F20+1 -> 43 | G21: =G20 -> 100000 | H21: =VLOOKUP(F21,'Q.2-Data'!$C$9:$D$110,2,0) -> 0.002118 | I21: =P20 -> 70158.838 | J21: =J20 -> 3000 | K21: 0 | L21: =-VLOOKUP(E21,'[1]Q1 data'!$L$10:$M$29,2,0) -> -15.7 | M21: =SUM(I21:L21)*(1+B21) -> 79396.876 | N21: =-G21*H21 -> -211.8 | O21: =M21+N21 -> 79185.076 | P21: =O21/(1-H21) -> 79353.146 | R21: Profit / loss to company | S21: =S19-S20 -> -17441.173 | T21: =T19-T20 -> 5626.3725
A22: =A21+1 -> 2016 | B22: =MAX(0,('Q.2-Data'!G25/'Q.2-Data'!G24)-1) -> 0.0988 | D22: 15 | E22: =E21+1 -> 2016 | F22: =F21+1 -> 44 | G22: =G21 -> 100000 | H22: =VLOOKUP(F22,'Q.2-Data'!$C$9:$D$110,2,0) -> 0.002385 | I22: =P21 -> 79353.146 | J22: =J21 -> 3000 | K22: 0 | L22: =-VLOOKUP(E22,'[1]Q1 data'!$L$10:$M$29,2,0) -> -16.44 | M22: =SUM(I22:L22)*(1+B22) -> 90471.573 | N22: =-G22*H22 -> -238.5 | O22: =M22+N22 -> 90233.073 | P22: =O22/(1-H22) -> 90448.793
A23: =A22+1 -> 2017 | B23: =MAX(0,('Q.2-Data'!G26/'Q.2-Data'!G25)-1) -> 0.1016 | D23: 16 | E23: =E22+1 -> 2017 | F23: =F22+1 -> 45 | G23: =G22 -> 100000 | H23: =VLOOKUP(F23,'Q.2-Data'!$C$9:$D$110,2,0) -> 0.002687 | I23: =P22 -> 90448.793 | J23: =J22 -> 3000 | K23: 0 | L23: =-VLOOKUP(E23,'[1]Q1 data'!$L$10:$M$29,2,0) -> -16.69 | M23: =SUM(I23:L23)*(1+B23) -> 102924.8 | N23: =-G23*H23 -> -268.7 | O23: =M23+N23 -> 102656.1 | P23: =O23/(1-H23) -> 102932.68
A24: =A23+1 -> 2018 | B24: =MAX(0,('Q.2-Data'!G27/'Q.2-Data'!G26)-1) -> 0.0293 | D24: 17 | E24: =E23+1 -> 2018 | F24: =F23+1 -> 46 | G24: =G23 -> 100000 | H24: =VLOOKUP(F24,'Q.2-Data'!$C$9:$D$110,2,0) -> 0.003027 | I24: =P23 -> 102932.68 | J24: =J23 -> 3000 | K24: 0 | L24: =-VLOOKUP(E24,'[1]Q1 data'!$L$10:$M$29,2,0) -> -18.19 | M24: =SUM(I24:L24)*(1+B24) -> 109017.79 | N24: =-G24*H24 -> -302.7 | O24: =M24+N24 -> 108715.09 | P24: =O24/(1-H24) -> 109045.17
A25: =A24+1 -> 2019 | B25: =MAX(0,('Q.2-Data'!G28/'Q.2-Data'!G27)-1) -> 0.1115 | D25: 18 | E25: =E24+1 -> 2019 | F25: =F24+1 -> 47 | G25: =G24 -> 100000 | H25: =VLOOKUP(F25,'Q.2-Data'!$C$9:$D$110,2,0) -> 0.003408 | I25: =P24 -> 109045.17 | J25: =J24 -> 3000 | K25: 0 | L25: =-VLOOKUP(E25,'[1]Q1 data'!$L$10:$M$29,2,0) -> -18.99 | M25: =SUM(I25:L25)*(1+B25) -> 124517.1 | N25: =-G25*H25 -> -340.8 | O25: =M25+N25 -> 124176.3 | P25: =O25/(1-H25) -> 124600.94
A26: =A25+1 -> 2020 | B26: =MAX(0,('Q.2-Data'!G29/'Q.2-Data'!G28)-1) -> 0.0467 | D26: 19 | E26: =E25+1 -> 2020 | F26: =F25+1 -> 48 | G26: =G25 -> 100000 | H26: =VLOOKUP(F26,'Q.2-Data'!$C$9:$D$110,2,0) -> 0.003834 | I26: =P25 -> 124600.94 | J26: =J25 -> 3000 | K26: 0 | L26: =-VLOOKUP(E26,'[1]Q1 data'!$L$10:$M$29,2,0) -> -18.51 | M26: =SUM(I26:L26)*(1+B26) -> 133540.53 | N26: =-G26*H26 -> -383.4 | O26: =M26+N26 -> 133157.13 | P26: =O26/(1-H26) -> 133669.62
A27: =A26+1 -> 2021 | B27: =MAX(0,('Q.2-Data'!G30/'Q.2-Data'!G29)-1) -> 0 | D27: 20 | E27: =E26+1 -> 2021 | F27: =F26+1 -> 49 | G27: =G26 -> 100000 | H27: =VLOOKUP(F27,'Q.2-Data'!$C$9:$D$110,2,0) -> 0.004309 | I27: =P26 -> 133669.62 | J27: =J26 -> 3000 | K27: 0 | L27: =-VLOOKUP(E27,'[1]Q1 data'!$L$10:$M$29,2,0) -> -19.15 | M27: =SUM(I27:L27)*(1+B27) -> 136650.47 | N27: =-G27*H27 -> -430.9 | O27: =M27+N27 -> 136219.57 | P27: =O27/(1-H27) -> 136809.08

Sheet Q.2 (vi)
B3: Benefits of stochastic assessment:
B4: 1 | C4: Identifies the random nature of input components
B5: 2 | C5: Output from a stochastic model is a distribution of outcomes under possible scenarios
B6: 3 | C6: These outputs can then be used to estimate the probability that a particular event occurs, or to calculate approximate confidence intervals
B8: Key variable which could have been modelled stochastically
B9: Investment returns

Sheet Q.3-Data
B2: Age (x) | C2: Mortality rate(qx)
B3: 0 | C3: 0.004445
B4: 1 | C4: 0.003897
B5: 2 | C5: 0.002935
B6: 3 | C6: 0.002212
B7: 4 | C7: 0.00167
B8: 5 | C8: 0.001265
B9: 6 | C9: 0.000964
B10: 7 | C10: 0.000744
B11: 8 | C11: 0.00059
B12: 9 | C12: 0.000492
B13: 10 | C13: 0.00044
B14: 11 | C14: 0.000428
... B118: 115 | C118: 0.985796

Sheet Q.3 (i)
A1: Inputs
A2: Annual Premium | B2: 100000
A3: Premium Payment Term | B3: 5 | C3: years
A4: Policy term | B4: 10 | C4: years
A5: Age at entry | B5: 40 | C5: years
A7: Policy Year | B7: Premium Allocation | C7: Commission (% of annual premium)
A8: 1 | B8: 0.05 | C8: 0.05
A9: =+A8+1 -> 2 | B9: 0.03 | C9: 0.04 | E9: Unit Fund Cashflows | W9: Non Unit Cashflows
A10: =+A9+1 -> 3 | B10: 0.03 | C10: 0.03 | L10: Charges | W10: Expenses | AA10: Charge Income | AE10: Benefits Paid | AG10: Other Income
A11: =+A10+1 -> 4 | B11: 0.025 | C11: 0.02 | E11: Month | F11: Policy year | G11: Attained Age | H11: Premium | I11: Allocation charge (before GST) | J11: GST - Allocation charge | K11: Allocated Premium | L11: Policy Administration Charge (before GST) | M11: Mortality Charge (before GST) | N11: FMC (before GST) | O11: Opening Unit Fund | P11: Unit Fund Growth rate | Q11: Loyalty Addition | R11: Unit Fund Before FMC (after GST) | S11: Closing Unit Fund | U11: Death Sum at Risk | W11: Stamp Duty | X11: Acquisition | Y11: Maintenance | Z11: Commission | AA11: Allocation charge | AB11: Policy Administration Charge | AC11: Mortality Charge | AD11: FMC | AE11: Death claims | AF11: Loyalty Addition | AG11: Investment income on Non Unit CF | AH11: Non-unit fund
A12: =+A11+1 -> 5 | B12: 0.025 | C12: 0.02 | E12: 1 | F12: 1 | G12: =+$B$5+F12-1 -> 40 | H12: =+IF(AND(MOD(E12,12)=1,F12<=$B$3),$B$2,0) -> 100000 | I12: =H12*VLOOKUP(F12,$A$8:$C$12,2,1) -> 5000 | J12: =+I12*$B$14 -> 900 | K12: =+H12-I12-J12 -> 94100 | L12: =+MIN($B$2*$B$15,$B$16)/12 -> 41.666667 | M12: =VLOOKUP(G12,'Q.3-Data'!$B$2:$C$118,2,0)*U12*$B$19/12 -> 170.13934 | N12: =+R12*(1-(1-$B$20)^(0.0833333333333333)) -> 106.92386 | O12: =+K12 -> 94100 | P12: =(1+$B$17)^(1/12) -> 1.006434 | R12: =(O12-(L12+M12)*(1+$B$14))*P12+Q12 -> 94453.903 | S12: =+R12-(N12*(1+$B$14)) -> 94327.733 | U12: =+MAX($B$2*10-O12,0) -> 905900 | W12: =+B2*10*B22/1000 -> 200 | X12: =+MIN(B2*$B$23,$B$24) -> 3000 | Y12: =+$B$25*(1+$B$26)^(F12-1)/12 -> 29.166667 | Z12: =H12*VLOOKUP(F12,$A$8:$C$12,3,1) -> 5000 | AA12: =+I12 -> 5000 | AB12: =+L12 -> 41.666667 | AC12: =+M12 -> 170.13934 | AD12: =+N12 -> 106.92386 | AE12: =+M12/$B$19*$B$27 -> 108.88918 | AF12: =+Q12 -> 0 | AG12: =(SUM(AA12:AC12)-SUM(W12:Z12,AE12))*$C$18 -> -12.736729 | AH12: =+SUM(AA12:AD12,AG12)-SUM(W12:Z12,AE12:AF12) -> -3032.0627
E13: =+E12+1 -> 2 | F13: 1 | G13: =+$B$5+F13-1 -> 40 | H13: =+IF(AND(MOD(E13,12)=1,F13<=$B$3),$B$2,0) -> 0 | I13: =H13*VLOOKUP(F13,$A$8:$C$12,2,1) -> 0 | J13: =+I13*$B$14 -> 0 | K13: =+H13-I13-J13 -> 0 | L13: =+MIN($B$2*$B$15,$B$16)/12 -> 41.666667 | M13: =VLOOKUP(G13,'Q.3-Data'!$B$2:$C$118,2,0)*U13*$B$19/12 -> 170.09657 | N13: =+R13*(1-(1-$B$20)^(0.0833333333333333)) -> 107.18337 | O13: =+S12+K13 -> 94327.733 | P13: =(1+$B$17)^(1/12) -> 1.006434 | R13: =((O13)-(L13+M13)*(1+$B$14))*P13+Q13 -> 94683.152 | S13: =+R13-(N13*(1+$B$14)) -> 94556.676 | U13: =+MAX($B$2*10-O13,0) -> 905672.27 | Y13: =+$B$25*(1+$B$26)^(F13-1)/12 -> 29.166667 | Z13: =H13*VLOOKUP(F13,$A$8:$C$12,3,1) -> 0 | AA13: =+I13 -> 0 | AB13: =+L13 -> 41.666667 | AC13: =+M13 -> 170.09657 | AD13: =+N13 -> 107.18337 | AE13: =+M13/$B$19*$B$27 -> 108.86181 | AF13: =+Q13 -> 0 | AG13: =(SUM(AA13:AC13)-SUM(W13:Z13,AE13))*$C$18 -> 0.30040456 | AH13: =+SUM(AA13:AD13,AG13)-SUM(W13:Z13,AE13:AF13) -> 181.21854
A14: GST | B14: 0.18 | E14: =+E13+1 -> 3 | F14: =IF(MOD(E14,12)=1,F13+1,F13) -> 1 | G14: =+$B$5+F14-1 -> 40 | H14: =+IF(AND(MOD(E14,12)=1,F14<=$B$3),$B$2,0) -> 0 | I14: =H14*VLOOKUP(F14,$A$8:$C$12,2,1) -> 0 | J14: =+I14*$B$14 -> 0 | K14: =+H14-I14-J14 -> 0 | L14: =+MIN($B$2*$B$15,$B$16)/12 -> 41.666667 | M14: =VLOOKUP(G14,'Q.3-Data'!$B$2:$C$118,2,0)*U14*$B$19/12 -> 170.05357 | N14: =+R14*(1-(1-$B$20)^(0.0833333333333333)) -> 107.44426 | O14: =+S13+K14 -> 94556.676 | P14: =(1+$B$17)^(1/12) -> 1.006434 | R14: =((O14)-(L14+M14)*(1+$B$14))*P14+Q14 -> 94913.619 | S14: =+R14-(N14*(1+$B$14)) -> 94786.835 | U14: =+MAX($B$2*10-O14,0) -> 905443.32 | Y14: =+$B$25*(1+$B$26)^(F14-1)/12 -> 29.166667 | Z14: =H14*VLOOKUP(F14,$A$8:$C$12,3,1) -> 0 | AA14: =+I14 -> 0 | AB14: =+L14 -> 41.666667 | AC14: =+M14 -> 170.05357 | AD14: =+N14 -> 107.44426 | AE14: =+M14/$B$19*$B$27 -> 108.83429 | AF14: =+Q14 -> 0 | AG14: =(SUM(AA14:AC14)-SUM(W14:Z14,AE14))*$C$18 -> 0.3003415 | AH14: =+SUM(AA14:AD14,AG14)-SUM(W14:Z14,AE14:AF14) -> 181.46389
A15: Policy Administration charge | B15: 0.005 | E15: =+E14+1 -> 4 | F15: =IF(MOD(E15,12)=1,F14+1,F14) -> 1 | G15: =+$B$5+F15-1 -> 40 | H15: =+IF(AND(MOD(E15,12)=1,F15<=$B$3),$B$2,0) -> 0 | I15: =H15*VLOOKUP(F15,$A$8:$C$12,2,1) -> 0 | J15: =+I15*$B$14 -> 0 | K15: =+H15-I15-J15 -> 0 | L15: =+MIN($B$2*$B$15,$B$16)/12 -> 41.666667 | M15: =VLOOKUP(G15,'Q.3-Data'!$B$2:$C$118,2,0)*U15*$B$19/12 -> 170.01035 | N15: =+R15*(1-(1-$B$20)^(0.0833333333333333)) -> 107.70654 | O15: =+S14+K15 -> 94786.835 | P15: =(1+$B$17)^(1/12) -> 1.006434 | R15: =((O15)-(L15+M15)*(1+$B$14))*P15+Q15 -> 95145.31 | S15: =+R15-(N15*(1+$B$14)) -> 95018.216 | U15: =+MAX($B$2*10-O15,0) -> 905213.17 | Y15: =+$B$25*(1+$B$26)^(F15-1)/12 -> 29.166667 | Z15: =H15*VLOOKUP(F15,$A$8:$C$12,3,1) -> 0 | AA15: =+I15 -> 0 | AB15: =+L15 -> 41.666667 | AC15: =+M15 -> 170.01035 | AD15: =+N15 -> 107.70654 | AE15: =+M15/$B$19*$B$27 -> 108.80662 | AF15: =+Q15 -> 0 | AG15: =(SUM(AA15:AC15)-SUM(W15:Z15,AE15))*$C$18 -> 0.3002781 | AH15: =+SUM(AA15:AD15,AG15)-SUM(W15:Z15,AE15:AF15) -> 181.71055
A16: Policy Administration charge Cap | B16: 6000 | E16: =+E15+1 -> 5 | F16: =IF(MOD(E16,12)=1,F15+1,F15) -> 1 | G16: =+$B$5+F16-1 -> 40 | H16: =+IF(AND(MOD(E16,12)=1,F16<=$B$3),$B$2,0) -> 0 | I16: =H16*VLOOKUP(F16,$A$8:$C$12,2,1) -> 0 | J16: =+I16*$B$14 -> 0 | K16: =+H16-I16-J16 -> 0 | L16: =+MIN($B$2*$B$15,$B$16)/12 -> 41.666667 | M16: =VLOOKUP(G16,'Q.3-Data'!$B$2:$C$118,2,0)*U16*$B$19/12 -> 169.96689 | N16: =+R16*(1-(1-$B$20)^(0.0833333333333333)) -> 107.97022 | O16: =+S15+K16 -> 95018.216 | P16: =(1+$B$17)^(1/12) -> 1.006434 | R16: =((O16)-(L16+M16)*(1+$B$14))*P16+Q16 -> 95378.232 | S16: =+R16-(N16*(1+$B$14)) -> 95250.827 | U16: =+MAX($B$2*10-O16,0) -> 904981.78 | Y16: =+$B$25*(1+$B$26)^(F16-1)/12 -> 29.166667 | Z16: =H16*VLOOKUP(F16,$A$8:$C$12,3,1) -> 0 | AA16: =+I16 -> 0 | AB16: =+L16 -> 41.666667 | AC16: =+M16 -> 169.96689 | AD16: =+N16 -> 107.97022 | AE16: =+M16/$B$19*$B$27 -> 108.77881 | AF16: =+Q16 -> 0 | AG16: =(SUM(AA16:AC16)-SUM(W16:Z16,AE16))*$C$18 -> 0.30021436 | AH16: =+SUM(AA16:AD16,AG16)-SUM(W16:Z16,AE16:AF16) -> 181.95851
A17: Unit Fund Growth Rate | B17: 0.08 | C17: p.a. | E17: =+E16+1 -> 6 | F17: =IF(MOD(E17,12)=1,F16+1,F16) -> 1 | G17: =+$B$5+F17-1 -> 40 | H17: =+IF(AND(MOD(E17,12)=1,F17<=$B$3),$B$2,0) -> 0 | I17: =H17*VLOOKUP(F17,$A$8:$C$12,2,1) -> 0 | J17: =+I17*$B$14 -> 0 | K17: =+H17-I17-J17 -> 0 | L17: =+MIN($B$2*$B$15,$B$16)/12 -> 41.666667 | M17: =VLOOKUP(G17,'Q.3-Data'!$B$2:$C$118,2,0)*U17*$B$19/12 -> 169.9232 | N17: =+R17*(1-(1-$B$20)^(0.0833333333333333)) -> 108.23529 | O17: =+S16+K17 -> 95250.827 | P17: =(1+$B$17)^(1/12) -> 1.006434 | R17: =((O17)-(L17+M17)*(1+$B$14))*P17+Q17 -> 95612.391 | S17: =+R17-(N17*(1+$B$14)) -> 95484.674 | U17: =+MAX($B$2*10-O17,0) -> 904749.17 | Y17: =+$B$25*(1+$B$26)^(F17-1)/12 -> 29.166667 | Z17: =H17*VLOOKUP(F17,$A$8:$C$12,3,1) -> 0 | AA17: =+I17 -> 0 | AB17: =+L17 -> 41.666667 | AC17: =+M17 -> 169.9232 | AD17: =+N17 -> 108.23529 | AE17: =+M17/$B$19*$B$27 -> 108.75085 | AF17: =+Q17 -> 0 | AG17: =(SUM(AA17:AC17)-SUM(W17:Z17,AE17))*$C$18 -> 0.30015029 | AH17: =+SUM(AA17:AD17,AG17)-SUM(W17:Z17,AE17:AF17) -> 182.20779
A18: Non Unit Interest Rate | B18: 0.05 | C18: =(1+B18)^(1/12)-1 -> 0.0040741238 | E18: =+E17+1 -> 7 | F18: =IF(MOD(E18,12)=1,F17+1,F17) -> 1 | G18: =+$B$5+F18-1 -> 40 | H18: =+IF(AND(MOD(E18,12)=1,F18<=$B$3),$B$2,0) -> 0 | I18: =H18*VLOOKUP(F18,$A$8:$C$12,2,1) -> 0 | J18: =+I18*$B$14 -> 0 | K18: =+H18-I18-J18 -> 0 | L18: =+MIN($B$2*$B$15,$B$16)/12 -> 41.666667 | M18: =VLOOKUP(G18,'Q.3-Data'!$B$2:$C$118,2,0)*U18*$B$19/12 -> 169.87928 | N18: =+R18*(1-(1-$B$20)^(0.0833333333333333)) -> 108.50177 | O18: =+S17+K18 -> 95484.674 | P18: =(1+$B$17)^(1/12) -> 1.006434 | R18: =((O18)-(L18+M18)*(1+$B$14))*P18+Q18 -> 95847.795 | S18: =+R18-(N18*(1+$B$14)) -> 95719.763 | U18: =+MAX($B$2*10-O18,0) -> 904515.33 | Y18: =+$B$25*(1+$B$26)^(F18-1)/12 -> 29.166667 | Z18: =H18*VLOOKUP(F18,$A$8:$C$12,3,1) -> 0 | AA18: =+I18 -> 0 | AB18: =+L18 -> 41.666667 | AC18: =+M18 -> 169.87928 | AD18: =+N18 -> 108.50177 | AE18: =+M18/$B$19*$B$27 -> 108.72274 | AF18: =+Q18 -> 0 | AG18: =(SUM(AA18:AC18)-SUM(W18:Z18,AE18))*$C$18 -> 0.30008587 | AH18: =+SUM(AA18:AD18,AG18)-SUM(W18:Z18,AE18:AF18) -> 182.4584
A19: Mortality Charge Multiple | B19: 1.25 | E19: =+E18+1 -> 8 | F19: =IF(MOD(E19,12)=1,F18+1,F18) -> 1 | G19: =+$B$5+F19-1 -> 40 | H19: =+IF(AND(MOD(E19,12)=1,F19<=$B$3),$B$2,0) -> 0 | I19: =H19*VLOOKUP(F19,$A$8:$C$12,2,1) -> 0 | J19: =+I19*$B$14 -> 0 | K19: =+H19-I19-J19 -> 0 | L19: =+MIN($B$2*$B$15,$B$16)/12 -> 41.666667 | M19: =VLOOKUP(G19,'Q.3-Data'!$B$2:$C$118,2,0)*U19*$B$19/12 -> 169.83513 | N19: =+R19*(1-(1-$B$20)^(0.0833333333333333)) -> 108.76967 | O19: =+S18+K19 -> 95719.763 | P19: =(1+$B$17)^(1/12) -> 1.006434 | R19: =((O19)-(L19+M19)*(1+$B$14))*P19+Q19 -> 96084.449 | S19: =+R19-(N19*(1+$B$14)) -> 95956.1 | U19: =+MAX($B$2*10-O19,0) -> 904280.24 | Y19: =+$B$25*(1+$B$26)^(F19-1)/12 -> 29.166667 | Z19: =H19*VLOOKUP(F19,$A$8:$C$12,3,1) -> 0 | AA19: =+I19 -> 0 | AB19: =+L19 -> 41.666667 | AC19: =+M19 -> 169.83513 | AD19: =+N19 -> 108.76967 | AE19: =+M19/$B$19*$B$27 -> 108.69448 | AF19: =+Q19 -> 0 | AG19: =(SUM(AA19:AC19)-SUM(W19:Z19,AE19))*$C$18 -> 0.30002111 | AH19: =+SUM(AA19:AD19,AG19)-SUM(W19:Z19,AE19:AF19) -> 182.71034
A20: Fund Management Charge | B20: 0.0135 | C20: p.a. | E20: =+E19+1 -> 9 | F20: =IF(MOD(E20,12)=1,F19+1,F19) -> 1 | G20: =+$B$5+F20-1 -> 40 | H20: =+IF(AND(MOD(E20,12)=1,F20<=$B$3),$B$2,0) -> 0 | I20: =H20*VLOOKUP(F20,$A$8:$C$12,2,1) -> 0 | J20: =+I20*$B$14 -> 0 | K20: =+H20-I20-J20 -> 0 | L20: =+MIN($B$2*$B$15,$B$16)/12 -> 41.666667 | M20: =VLOOKUP(G20,'Q.3-Data'!$B$2:$C$118,2,0)*U20*$B$19/12 -> 169.79074 | N20: =+R20*(1-(1-$B$20)^(0.0833333333333333)) -> 109.03899 | O20: =+S19+K20 -> 95956.1 | P20: =(1+$B$17)^(1/12) -> 1.006434 | R20: =((O20)-(L20+M20)*(1+$B$14))*P20+Q20 -> 96322.36 | S20: =+R20-(N20*(1+$B$14)) -> 96193.694 | U20: =+MAX($B$2*10-O20,0) -> 904043.9 | Y20: =+$B$25*(1+$B$26)^(F20-1)/12 -> 29.166667 | Z20: =H20*VLOOKUP(F20,$A$8:$C$12,3,1) -> 0 | AA20: =+I20 -> 0 | AB20: =+L20 -> 41.666667 | AC20: =+M20 -> 169.79074 | AD20: =+N20 -> 109.03899 | AE20: =+M20/$B$19*$B$27 -> 108.66608 | AF20: =+Q20 -> 0 | AG20: =(SUM(AA20:AC20)-SUM(W20:Z20,AE20))*$C$18 -> 0.29995601 | AH20: =+SUM(AA20:AD20,AG20)-SUM(W20:Z20,AE20:AF20) -> 182.96361
A21: Loyalty Addition | B21: 0.005 | E21: =+E20+1 -> 10 | F21: =IF(MOD(E21,12)=1,F20+1,F20) -> 1 | G21: =+$B$5+F21-1 -> 40 | H21: =+IF(AND(MOD(E21,12)=1,F21<=$B$3),$B$2,0) -> 0 | I21: =H21*VLOOKUP(F21,$A$8:$C$12,2,1) -> 0 | J21: =+I21*$B$14 -> 0 | K21: =+H21-I21-J21 -> 0 | L21: =+MIN($B$2*$B$15,$B$16)/12 -> 41.666667 | M21: =VLOOKUP(G21,'Q.3-Data'!$B$2:$C$118,2,0)*U21*$B$19/12 -> 169.74612 | N21: =+R21*(1-(1-$B$20)^(0.0833333333333333)) -> 109.30974 | O21: =+S20+K21 -> 96193.694 | P21: =(1+$B$17)^(1/12) -> 1.006434 | R21: =((O21)-(L21+M21)*(1+$B$14))*P21+Q21 -> 96561.535 | S21: =+R21-(N21*(1+$B$14)) -> 96432.549 | U21: =+MAX($B$2*10-O21,0) -> 903806.31 | Y21: =+$B$25*(1+$B$26)^(F21-1)/12 -> 29.166667 | Z21: =H21*VLOOKUP(F21,$A$8:$C$12,3,1) -> 0 | AA21: =+I21 -> 0 | AB21: =+L21 -> 41.666667 | AC21: =+M21 -> 169.74612 | AD21: =+N21 -> 109.30974 | AE21: =+M21/$B$19*$B$27 -> 108.63752 | AF21: =+Q21 -> 0 | AG21: =(SUM(AA21:AC21)-SUM(W21:Z21,AE21))*$C$18 -> 0.29989056 | AH21: =+SUM(AA21:AD21,AG21)-SUM(W21:Z21,AE21:AF21) -> 183.21823
A22: Stamp Duty | B22: 0.2 | C22: per 1000 DB | E22: =+E21+1 -> 11 | F22: =IF(MOD(E22,12)=1,F21+1,F21) -> 1 | G22: =+$B$5+F22-1 -> 40 | H22: =+IF(AND(MOD(E22,12)=1,F22<=$B$3),$B$2,0) -> 0 | I22: =H22*VLOOKUP(F22,$A$8:$C$12,2,1) -> 0 | J22: =+I22*$B$14 -> 0 | K22: =+H22-I22-J22 -> 0 | L22: =+MIN($B$2*$B$15,$B$16)/12 -> 41.666667 | M22: =VLOOKUP(G22,'Q.3-Data'!$B$2:$C$118,2,0)*U22*$B$19/12 -> 169.70126 | N22: =+R22*(1-(1-$B$20)^(0.0833333333333333)) -> 109.58193 | O22: =+S21+K22 -> 96432.549 | P22: =(1+$B$17)^(1/12) -> 1.006434 | R22: =((O22)-(L22+M22)*(1+$B$14))*P22+Q22 -> 96801.98 | S22: =+R22-(N22*(1+$B$14)) -> 96672.673 | U22: =+MAX($B$2*10-O22,0) -> 903567.45 | Y22: =+$B$25*(1+$B$26)^(F22-1)/12 -> 29.166667 | Z22: =H22*VLOOKUP(F22,$A$8:$C$12,3,1) -> 0 | AA22: =+I22 -> 0 | AB22: =+L22 -> 41.666667 | AC22: =+M22 -> 169.70126 | AD22: =+N22 -> 109.58193 | AE22: =+M22/$B$19*$B$27 -> 108.60881 | AF22: =+Q22 -> 0 | AG22: =(SUM(AA22:AC22)-SUM(W22:Z22,AE22))*$C$18 -> 0.29982477 | AH22: =+SUM(AA22:AD22,AG22)-SUM(W22:Z22,AE22:AF22) -> 183.47421
A23: Acquisition expenses | B23: 0.03 | E23: =+E22+1 -> 12 | F23: =IF(MOD(E23,12)=1,F22+1,F22) -> 1 | G23: =+$B$5+F23-1 -> 40 | H23: =+IF(AND(MOD(E23,12)=1,F23<=$B$3),$B$2,0) -> 0 | I23: =H23*VLOOKUP(F23,$A$8:$C$12,2,1) -> 0 | J23: =+I23*$B$14 -> 0 | K23: =+H23-I23-J23 -> 0 | L23: =+MIN($B$2*$B$15,$B$16)/12 -> 41.666667 | M23: =VLOOKUP(G23,'Q.3-Data'!$B$2:$C$118,2,0)*U23*$B$19/12 -> 169.65616 | N23: =+R23*(1-(1-$B$20)^(0.0833333333333333)) -> 109.85557 | O23: =+S22+K23 -> 96672.673 | P23: =(1+$B$17)^(1/12) -> 1.006434 | R23: =((O23)-(L23+M23)*(1+$B$14))*P23+Q23 -> 97043.703 | S23: =+R23-(N23*(1+$B$14)) -> 96914.073 | U23: =+MAX($B$2*10-O23,0) -> 903327.33 | Y23: =+$B$25*(1+$B$26)^(F23-1)/12 -> 29.166667 | Z23: =H23*VLOOKUP(F23,$A$8:$C$12,3,1) -> 0 | AA23: =+I23 -> 0 | AB23: =+L23 -> 41.666667 | AC23: =+M23 -> 169.65616 | AD23: =+N23 -> 109.85557 | AE23: =+M23/$B$19*$B$27 -> 108.57994 | AF23: =+Q23 -> 0 | AG23: =(SUM(AA23:AC23)-SUM(W23:Z23,AE23))*$C$18 -> 0.29975862 | AH23: =+SUM(AA23:AD23,AG23)-SUM(W23:Z23,AE23:AF23) -> 183.73154
A24: Acquisition expenses Cap | B24: 3500 | E24: =+E23+1 -> 13 | F24: =IF(MOD(E24,12)=1,F23+1,F23) -> 2 | G24: =+$B$5+F24-1 -> 41 | H24: =+IF(AND(MOD(E24,12)=1,F24<=$B$3),$B$2,0) -> 100000 | I24: =H24*VLOOKUP(F24,$A$8:$C$12,2,1) -> 3000 | J24: =+I24*$B$14 -> 540 | K24: =+H24-I24-J24 -> 96460 | L24: =+MIN($B$2*$B$15,$B$16)/12 -> 41.666667 | M24: =VLOOKUP(G24,'Q.3-Data'!$B$2:$C$118,2,0)*U24*$B$19/12 -> 164.6021 | N24: =+R24*(1-(1-$B$20)^(0.0833333333333333)) -> 220.03475 | O24: =+S23+K24 -> 193374.07 | P24: =(1+$B$17)^(1/12) -> 1.006434 | R24: =((O24)-(L24+M24)*(1+$B$14))*P24+Q24 -> 194373.28 | S24: =+R24-(N24*(1+$B$14)) -> 194113.64 | U24: =+MAX($B$2*10-O24,0) -> 806625.93 | Y24: =+$B$25*(1+$B$26)^(F24-1)/12 -> 30.916667 | Z24: =H24*VLOOKUP(F24,$A$8:$C$12,3,1) -> 4000 | AA24: =+I24 -> 3000 | AB24: =+L24 -> 41.666667 | AC24: =+M24 -> 164.6021 | AD24: =+N24 -> 220.03475 | AE24: =+M24/$B$19*$B$27 -> 105.34535 | AF24: =+Q24 -> 0 | AG24: =(SUM(AA24:AC24)-SUM(W24:Z24,AE24))*$C$18 -> -3.7889076 | AH24: =+SUM(AA24:AD24,AG24)-SUM(W24:Z24,AE24:AF24) -> -713.7474
A25: Maintenance expenses | B25: 350 | C25: p.a. | E25: =+E24+1 -> 14 | F25: =IF(MOD(E25,12)=1,F24+1,F24) -> 2 | G25: =+$B$5+F25-1 -> 41 | H25: =+IF(AND(MOD(E25,12)=1,F25<=$B$3),$B$2,0) -> 0 | I25: =H25*VLOOKUP(F25,$A$8:$C$12,2,1) -> 0 | J25: =+I25*$B$14 -> 0 | K25: =+H25-I25-J25 -> 0 | L25: =+MIN($B$2*$B$15,$B$16)/12 -> 41.666667 | M25: =VLOOKUP(G25,'Q.3-Data'!$B$2:$C$118,2,0)*U25*$B$19/12 -> 164.45118 | N25: =+R25*(1-(1-$B$20)^(0.0833333333333333)) -> 220.87755 | O25: =+S24+K25 -> 194113.64 | P25: =(1+$B$17)^(1/12) -> 1.006434 | R25: =((O25)-(L25+M25)*(1+$B$14))*P25+Q25 -> 195117.79 | S25: =+R25-(N25*(1+$B$14)) -> 194857.16 | U25: =+MAX($B$2*10-O25,0) -> 805886.36 | Y25: =+$B$25*(1+$B$26)^(F25-1)/12 -> 30.916667 | Z25: =H25*VLOOKUP(F25,$A$8:$C$12,3,1) -> 0 | AA25: =+I25 -> 0 | AB25: =+L25 -> 41.666667 | AC25: =+M25 -> 164.45118 | AD25: =+N25 -> 220.87755 | AE25: =+M25/$B$19*$B$27 -> 105.24876 | AF25: =+Q25 -> 0 | AG25: =(SUM(AA25:AC25)-SUM(W25:Z25,AE25))*$C$18 -> 0.28499484 | AH25: =+SUM(AA25:AD25,AG25)-SUM(W25:Z25,AE25:AF25) -> 291.11497
A26: Inflation | B26: 0.06 | C26: p.a. | E26: =+E25+1 -> 15 | F26: =IF(MOD(E26,12)=1,F25+1,F25) -> 2 | G26: =+$B$5+F26-1 -> 41 | H26: =+IF(AND(MOD(E26,12)=1,F26<=$B$3),$B$2,0) -> 0 | I26: =H26*VLOOKUP(F26,$A$8:$C$12,2,1) -> 0 | J26: =+I26*$B$14 -> 0 | K26: =+H26-I26-J26 -> 0 | L26: =+MIN($B$2*$B$15,$B$16)/12 -> 41.666667 | M26: =VLOOKUP(G26,'Q.3-Data'!$B$2:$C$118,2,0)*U26*$B$19/12 -> 164.29946 | N26: =+R26*(1-(1-$B$20)^(0.0833333333333333)) -> 221.72484 | O26: =+S25+K26 -> 194857.16 | P26: =(1+$B$17)^(1/12) -> 1.006434 | R26: =((O26)-(L26+M26)*(1+$B$14))*P26+Q26 -> 195866.27 | S26: =+R26-(N26*(1+$B$14)) -> 195604.64 | U26: =+MAX($B$2*10-O26,0) -> 805142.84 | Y26: =+$B$25*(1+$B$26)^(F26-1)/12 -> 30.916667 | Z26: =H26*VLOOKUP(F26,$A$8:$C$12,3,1) -> 0 | AA26: =+I26 -> 0 | AB26: =+L26 -> 41.666667 | AC26: =+M26 -> 164.29946 | AD26: =+N26 -> 221.72484 | AE26: =+M26/$B$19*$B$27 -> 105.15166 | AF26: =+Q26 -> 0 | AG26: =(SUM(AA26:AC26)-SUM(W26:Z26,AE26))*$C$18 -> 0.28477231 | AH26: =+SUM(AA26:AD26,AG26)-SUM(W26:Z26,AE26:AF26) -> 291.90742
A27: Mortality Assumption | B27: 0.8 | E27: =+E26+1 -> 16 | F27: =IF(MOD(E27,12)=1,F26+1,F26) -> 2 | G27: =+$B$5+F27-1 -> 41 | H27: =+IF(AND(MOD(E27,12)=1,F27<=$B$3),$B$2,0) -> 0 | I27: =H27*VLOOKUP(F27,$A$8:$C$12,2,1) -> 0 | J27: =+I27*$B$14 -> 0 | K27: =+H27-I27-J27 -> 0 | L27: =+MIN($B$2*$B$15,$B$16)/12 -> 41.666667 | M27: =VLOOKUP(G27,'Q.3-Data'!$B$2:$C$118,2,0)*U27*$B$19/12 -> 164.14693 | N27: =+R27*(1-(1-$B$20)^(0.0833333333333333)) -> 222.57665 | O27: =+S26+K27 -> 195604.64 | P27: =(1+$B$17)^(1/12) -> 1.006434 | R27: =((O27)-(L27+M27)*(1+$B$14))*P27+Q27 -> 196618.74 | S27: =+R27-(N27*(1+$B$14)) -> 196356.1 | U27: =+MAX($B$2*10-O27,0) -> 804395.36 | Y27: =+$B$25*(1+$B$26)^(F27-1)/12 -> 30.916667 | Z27: =H27*VLOOKUP(F27,$A$8:$C$12,3,1) -> 0 | AA27: =+I27 -> 0 | AB27: =+L27 -> 41.666667 | AC27: =+M27 -> 164.14693 | AD27: =+N27 -> 222.57665 | AE27: =+M27/$B$19*$B$27 -> 105.05403 | AF27: =+Q27 -> 0 | AG27: =(SUM(AA27:AC27)-SUM(W27:Z27,AE27))*$C$18 -> 0.2845486 | AH27: =+SUM(AA27:AD27,AG27)-SUM(W27:Z27,AE27:AF27) -> 292.7041
E28: =+E27+1 -> 17 | F28: =IF(MOD(E28,12)=1,F27+1,F27) -> 2 | G28: =+$B$5+F28-1 -> 41 | H28: =+IF(AND(MOD(E28,12)=1,F28<=$B$3),$B$2,0) -> 0 | I28: =H28*VLOOKUP(F28,$A$8:$C$12,2,1) -> 0 | J28: =+I28*$B$14 -> 0 | K28: =+H28-I28-J28 -> 0 | L28: =+MIN($B$2*$B$15,$B$16)/12 -> 41.666667 | M28: =VLOOKUP(G28,'Q.3-Data'!$B$2:$C$118,2,0)*U28*$B$19/12 -> 163.99358 | N28: =+R28*(1-(1-$B$20)^(0.0833333333333333)) -> 223.43301 | O28: =+S27+K28 -> 196356.1 | P28: =(1+$B$17)^(1/12) -> 1.006434 | R28: =((O28)-(L28+M28)*(1+$B$14))*P28+Q28 -> 197375.22 | S28: =+R28-(N28*(1+$B$14)) -> 197111.57 | U28: =+MAX($B$2*10-O28,0) -> 803643.9 | Y28: =+$B$25*(1+$B$26)^(F28-1)/12 -> 30.916667 | Z28: =H28*VLOOKUP(F28,$A$8:$C$12,3,1) -> 0 | AA28: =+I28 -> 0 | AB28: =+L28 -> 41.666667 | AC28: =+M28 -> 163.99358 | AD28: =+N28 -> 223.43301 | AE28: =+M28/$B$19*$B$27 -> 104.95589 | AF28: =+Q28 -> 0 | AG28: =(SUM(AA28:AC28)-SUM(W28:Z28,AE28))*$C$18 -> 0.28432369 | AH28: =+SUM(AA28:AD28,AG28)-SUM(W28:Z28,AE28:AF28) -> 293.50502
E29: =+E28+1 -> 18 | F29: =IF(MOD(E29,12)=1,F28+1,F28) -> 2 | G29: =+$B$5+F29-1 -> 41 | H29: =+IF(AND(MOD(E29,12)=1,F29<=$B$3),$B$2,0) -> 0 | I29: =H29*VLOOKUP(F29,$A$8:$C$12,2,1) -> 0 | J29: =+I29*$B$14 -> 0 | K29: =+H29-I29-J29 -> 0 | L29: =+MIN($B$2*$B$15,$B$16)/12 -> 41.666667 | M29: =VLOOKUP(G29,'Q.3-Data'!$B$2:$C$118,2,0)*U29*$B$19/12 -> 163.83942 | N29: =+R29*(1-(1-$B$20)^(0.0833333333333333)) -> 224.29392 | O29: =+S28+K29 -> 197111.57 | P29: =(1+$B$17)^(1/12) -> 1.006434 | R29: =((O29)-(L29+M29)*(1+$B$14))*P29+Q29 -> 198135.73 | S29: =+R29-(N29*(1+$B$14)) -> 197871.07 | U29: =+MAX($B$2*10-O29,0) -> 802888.43 | Y29: =+$B$25*(1+$B$26)^(F29-1)/12 -> 30.916667 | Z29: =H29*VLOOKUP(F29,$A$8:$C$12,3,1) -> 0 | AA29: =+I29 -> 0 | AB29: =+L29 -> 41.666667 | AC29: =+M29 -> 163.83942 | AD29: =+N29 -> 224.29392 | AE29: =+M29/$B$19*$B$27 -> 104.85723 | AF29: =+Q29 -> 0 | AG29: =(SUM(AA29:AC29)-SUM(W29:Z29,AE29))*$C$18 -> 0.28409758 | AH29: =+SUM(AA29:AD29,AG29)-SUM(W29:Z29,AE29:AF29) -> 294.31021
E30: =+E29+1 -> 19 | F30: =IF(MOD(E30,12)=1,F29+1,F29) -> 2 | G30: =+$B$5+F30-1 -> 41 | H30: =+IF(AND(MOD(E30,12)=1,F30<=$B$3),$B$2,0) -> 0 | I30: =H30*VLOOKUP(F30,$A$8:$C$12,2,1) -> 0 | J30: =+I30*$B$14 -> 0 | K30: =+H30-I30-J30 -> 0 | L30: =+MIN($B$2*$B$15,$B$16)/12 -> 41.666667 | M30: =VLOOKUP(G30,'Q.3-Data'!$B$2:$C$118,2,0)*U30*$B$19/12 -> 163.68444 | N30: =+R30*(1-(1-$B$20)^(0.0833333333333333)) -> 225.15943 | O30: =+S29+K30 -> 197871.07 | P30: =(1+$B$17)^(1/12) -> 1.006434 | R30: =((O30)-(L30+M30)*(1+$B$14))*P30+Q30 -> 198900.3 | S30: =+R30-(N30*(1+$B$14)) -> 198634.61 | U30: =+MAX($B$2*10-O30,0) -> 802128.93 | Y30: =+$B$25*(1+$B$26)^(F30-1)/12 -> 30.916667 | Z30: =H30*VLOOKUP(F30,$A$8:$C$12,3,1) -> 0 | AA30: =+I30 -> 0 | AB30: =+L30 -> 41.666667 | AC30: =+M30 -> 163.68444 | AD30: =+N30 -> 225.15943 | AE30: =+M30/$B$19*$B$27 -> 104.75804 | AF30: =+Q30 -> 0 | AG30: =(SUM(AA30:AC30)-SUM(W30:Z30,AE30))*$C$18 -> 0.28387027 | AH30: =+SUM(AA30:AD30,AG30)-SUM(W30:Z30,AE30:AF30) -> 295.1197
E31: =+E30+1 -> 20 | F31: =IF(MOD(E31,12)=1,F30+1,F30) -> 2 | G31: =+$B$5+F31-1 -> 41 | H31: =+IF(AND(MOD(E31,12)=1,F31<=$B$3),$B$2,0) -> 0 | I31: =H31*VLOOKUP(F31,$A$8:$C$12,2,1) -> 0 | J31: =+I31*$B$14 -> 0 | K31: =+H31-I31-J31 -> 0 | L31: =+MIN($B$2*$B$15,$B$16)/12 -> 41.666667 | M31: =VLOOKUP(G31,'Q.3-Data'!$B$2:$C$118,2,0)*U31*$B$19/12 -> 163.52862 | N31: =+R31*(1-(1-$B$20)^(0.0833333333333333)) -> 226.02955 | O31: =+S30+K31 -> 198634.61 | P31: =(1+$B$17)^(1/12) -> 1.006434 | R31: =((O31)-(L31+M31)*(1+$B$14))*P31+Q31 -> 199668.94 | S31: =+R31-(N31*(1+$B$14)) -> 199402.23 | U31: =+MAX($B$2*10-O31,0) -> 801365.39 | Y31: =+$B$25*(1+$B$26)^(F31-1)/12 -> 30.916667 | Z31: =H31*VLOOKUP(F31,$A$8:$C$12,3,1) -> 0 | AA31: =+I31 -> 0 | AB31: =+L31 -> 41.666667 | AC31: =+M31 -> 163.52862 | AD31: =+N31 -> 226.02955 | AE31: =+M31/$B$19*$B$27 -> 104.65832 | AF31: =+Q31 -> 0 | AG31: =(SUM(AA31:AC31)-SUM(W31:Z31,AE31))*$C$18 -> 0.28364174 | AH31: =+SUM(AA31:AD31,AG31)-SUM(W31:Z31,AE31:AF31) -> 295.9335
E32: =+E31+1 -> 21 | F32: =IF(MOD(E32,12)=1,F31+1,F31) -> 2 | G32: =+$B$5+F32-1 -> 41 | H32: =+IF(AND(MOD(E32,12)=1,F32<=$B$3),$B$2,0) -> 0 | I32: =H32*VLOOKUP(F32,$A$8:$C$12,2,1) -> 0 | J32: =+I32*$B$14 -> 0 | K32: =+H32-I32-J32 -> 0 | L32: =+MIN($B$2*$B$15,$B$16)/12 -> 41.666667 | M32: =VLOOKUP(G32,'Q.3-Data'!$B$2:$C$118,2,0)*U32*$B$19/12 -> 163.37198 | N32: =+R32*(1-(1-$B$20)^(0.0833333333333333)) -> 226.90431 | O32: =+S31+K32 -> 199402.23 | P32: =(1+$B$17)^(1/12) -> 1.006434 | R32: =((O32)-(L32+M32)*(1+$B$14))*P32+Q32 -> 200441.69 | S32: =+R32-(N32*(1+$B$14)) -> 200173.94 | U32: =+MAX($B$2*10-O32,0) -> 800597.77 | Y32: =+$B$25*(1+$B$26)^(F32-1)/12 -> 30.916667 | Z32: =H32*VLOOKUP(F32,$A$8:$C$12,3,1) -> 0 | AA32: =+I32 -> 0 | AB32: =+L32 -> 41.666667 | AC32: =+M32 -> 163.37198 | AD32: =+N32 -> 226.90431 | AE32: =+M32/$B$19*$B$27 -> 104.55807 | AF32: =+Q32 -> 0 | AG32: =(SUM(AA32:AC32)-SUM(W32:Z32,AE32))*$C$18 -> 0.283412 | AH32: =+SUM(AA32:AD32,AG32)-SUM(W32:Z32,AE32:AF32) -> 296.75164
E33: =+E32+1 -> 22 | F33: =IF(MOD(E33,12)=1,F32+1,F32) -> 2 | G33: =+$B$5+F33-1 -> 41 | H33: =+IF(AND(MOD(E33,12)=1,F33<=$B$3),$B$2,0) -> 0 | I33: =H33*VLOOKUP(F33,$A$8:$C$12,2,1) -> 0 | J33: =+I33*$B$14 -> 0 | K33: =+H33-I33-J33 -> 0 | L33: =+MIN($B$2*$B$15,$B$16)/12 -> 41.666667 | M33: =VLOOKUP(G33,'Q.3-Data'!$B$2:$C$118,2,0)*U33*$B$19/12 -> 163.21451 | N33: =+R33*(1-(1-$B$20)^(0.0833333333333333)) -> 227.78374 | O33: =+S32+K33 -> 200173.94 | P33: =(1+$B$17)^(1/12) -> 1.006434 | R33: =((O33)-(L33+M33)*(1+$B$14))*P33+Q33 -> 201218.55 | S33: =+R33-(N33*(1+$B$14)) -> 200949.77 | U33: =+MAX($B$2*10-O33,0) -> 799826.06 | Y33: =+$B$25*(1+$B$26)^(F33-1)/12 -> 30.916667 | Z33: =H33*VLOOKUP(F33,$A$8:$C$12,3,1) -> 0 | AA33: =+I33 -> 0 | AB33: =+L33 -> 41.666667 | AC33: =+M33 -> 163.21451 | AD33: =+N33 -> 227.78374 | AE33: =+M33/$B$19*$B$27 -> 104.45728 | AF33: =+Q33 -> 0 | AG33: =(SUM(AA33:AC33)-SUM(W33:Z33,AE33))*$C$18 -> 0.28318103 | AH33: =+SUM(AA33:AD33,AG33)-SUM(W33:Z33,AE33:AF33) -> 297.57414
E34: =+E33+1 -> 23 | F34: =IF(MOD(E34,12)=1,F33+1,F33) -> 2 | G34: =+$B$5+F34-1 -> 41 | H34: =+IF(AND(MOD(E34,12)=1,F34<=$B$3),$B$2,0) -> 0 | I34: =H34*VLOOKUP(F34,$A$8:$C$12,2,1) -> 0 | J34: =+I34*$B$14 -> 0 | K34: =+H34-I34-J34 -> 0 | L34: =+MIN($B$2*$B$15,$B$16)/12 -> 41.666667 | M34: =VLOOKUP(G34,'Q.3-Data'!$B$2:$C$118,2,0)*U34*$B$19/12 -> 163.05619 | N34: =+R34*(1-(1-$B$20)^(0.0833333333333333)) -> 228.66785 | O34: =+S33+K34 -> 200949.77 | P34: =(1+$B$17)^(1/12) -> 1.006434 | R34: =((O34)-(L34+M34)*(1+$B$14))*P34+Q34 -> 201999.56 | S34: =+R34-(N34*(1+$B$14)) -> 201729.73 | U34: =+MAX($B$2*10-O34,0) -> 799050.23 | Y34: =+$B$25*(1+$B$26)^(F34-1)/12 -> 30.916667 | Z34: =H34*VLOOKUP(F34,$A$8:$C$12,3,1) -> 0 | AA34: =+I34 -> 0 | AB34: =+L34 -> 41.666667 | AC34: =+M34 -> 163.05619 | AD34: =+N34 -> 228.66785 | AE34: =+M34/$B$19*$B$27 -> 104.35596 | AF34: =+Q34 -> 0 | AG34: =(SUM(AA34:AC34)-SUM(W34:Z34,AE34))*$C$18 -> 0.28294882 | AH34: =+SUM(AA34:AD34,AG34)-SUM(W34:Z34,AE34:AF34) -> 298.40103
E35: =+E34+1 -> 24 | F35: =IF(MOD(E35,12)=1,F34+1,F34) -> 2 | G35: =+$B$5+F35-1 -> 41 | H35: =+IF(AND(MOD(E35,12)=1,F35<=$B$3),$B$2,0) -> 0 | I35: =H35*VLOOKUP(F35,$A$8:$C$12,2,1) -> 0 | J35: =+I35*$B$14 -> 0 | K35: =+H35-I35-J35 -> 0 | L35: =+MIN($B$2*$B$15,$B$16)/12 -> 41.666667 | M35: =VLOOKUP(G35,'Q.3-Data'!$B$2:$C$118,2,0)*U35*$B$19/12 -> 162.89703 | N35: =+R35*(1-(1-$B$20)^(0.0833333333333333)) -> 229.55668 | O35: =+S34+K35 -> 201729.73 | P35: =(1+$B$17)^(1/12) -> 1.006434 | R35: =((O35)-(L35+M35)*(1+$B$14))*P35+Q35 -> 202784.72 | S35: =+R35-(N35*(1+$B$14)) -> 202513.85 | U35: =+MAX($B$2*10-O35,0) -> 798270.27 | Y35: =+$B$25*(1+$B$26)^(F35-1)/12 -> 30.916667 | Z35: =H35*VLOOKUP(F35,$A$8:$C$12,3,1) -> 0 | AA35: =+I35 -> 0 | AB35: =+L35 -> 41.666667 | AC35: =+M35 -> 162.89703 | AD35: =+N35 -> 229.55668 | AE35: =+M35/$B$19*$B$27 -> 104.2541 | AF35: =+Q35 -> 0 | AG35: =(SUM(AA35:AC35)-SUM(W35:Z35,AE35))*$C$18 -> 0.28271539 | AH35: =+SUM(AA35:AD35,AG35)-SUM(W35:Z35,AE35:AF35) -> 299.23233
E36: =+E35+1 -> 25 | F36: =IF(MOD(E36,12)=1,F35+1,F35) -> 3 | G36: =+$B$5+F36-1 -> 42 | H36: =+IF(AND(MOD(E36,12)=1,F36<=$B$3),$B$2,0) -> 100000 | I36: =H36*VLOOKUP(F36,$A$8:$C$12,2,1) -> 3000 | J36: =+I36*$B$14 -> 540 | K36: =+H36-I36-J36 -> 96460 | L36: =+MIN($B$2*$B$15,$B$16)/12 -> 41.666667 | M36: =VLOOKUP(G36,'Q.3-Data'!$B$2:$C$118,2,0)*U36*$B$19/12 -> 156.27041 | N36: =+R36*(1-(1-$B$20)^(0.0833333333333333)) -> 340.35631 | O36: =+S35+K36 -> 298973.85 | P36: =(1+$B$17)^(1/12) -> 1.006434 | R36: =((O36)-(L36+M36)*(1+$B$14))*P36+Q36 -> 300662.39 | S36: =+R36-(N36*(1+$B$14)) -> 300260.77 | U36: =+MAX($B$2*10-O36,0) -> 701026.15 | Y36: =+$B$25*(1+$B$26)^(F36-1)/12 -> 32.771667 | Z36: =H36*VLOOKUP(F36,$A$8:$C$12,3,1) -> 3000 | AA36: =+I36 -> 3000 | AB36: =+L36 -> 41.666667 | AC36: =+M36 -> 156.27041 | AD36: =+N36 -> 340.35631 | AE36: =+M36/$B$19*$B$27 -> 100.01306 | AF36: =+Q36 -> 0 | AG36: =(SUM(AA36:AC36)-SUM(W36:Z36,AE36))*$C$18 -> 0.26543873 | AH36: =+SUM(AA36:AD36,AG36)-SUM(W36:Z36,AE36:AF36) -> 405.77409
E37: =+E36+1 -> 26 | F37: =IF(MOD(E37,12)=1,F36+1,F36) -> 3 | G37: =+$B$5+F37-1 -> 42 | H37: =+IF(AND(MOD(E37,12)=1,F37<=$B$3),$B$2,0) -> 0 | I37: =H37*VLOOKUP(F37,$A$8:$C$12,2,1) -> 0 | J37: =+I37*$B$14 -> 0 | K37: =+H37-I37-J37 -> 0 | L37: =+MIN($B$2*$B$15,$B$16)/12 -> 41.666667 | M37: =VLOOKUP(G37,'Q.3-Data'!$B$2:$C$118,2,0)*U37*$B$19/12 -> 155.98354 | N37: =+R37*(1-(1-$B$20)^(0.0833333333333333)) -> 341.82288 | O37: =+S36+K37 -> 300260.77 | P37: =(1+$B$17)^(1/12) -> 1.006434 | R37: =((O37)-(L37+M37)*(1+$B$14))*P37+Q37 -> 301957.92 | S37: =+R37-(N37*(1+$B$14)) -> 301554.57 | U37: =+MAX($B$2*10-O37,0) -> 699739.23 | Y37: =+$B$25*(1+$B$26)^(F37-1)/12 -> 32.771667 | Z37: =H37*VLOOKUP(F37,$A$8:$C$12,3,1) -> 0 | AA37: =+I37 -> 0 | AB37: =+L37 -> 41.666667 | AC37: =+M37 -> 155.98354 | AD37: =+N37 -> 341.82288 | AE37: =+M37/$B$19*$B$27 -> 99.829464 | AF37: =+Q37 -> 0 | AG37: =(SUM(AA37:AC37)-SUM(W37:Z37,AE37))*$C$18 -> 0.26501798 | AH37: =+SUM(AA37:AD37,AG37)-SUM(W37:Z37,AE37:AF37) -> 407.13698
E38: =+E37+1 -> 27 | F38: =IF(MOD(E38,12)=1,F37+1,F37) -> 3 | G38: =+$B$5+F38-1 -> 42 | H38: =+IF(AND(MOD(E38,12)=1,F38<=$B$3),$B$2,0) -> 0 | I38: =H38*VLOOKUP(F38,$A$8:$C$12,2,1) -> 0 | J38: =+I38*$B$14 -> 0 | K38: =+H38-I38-J38 -> 0 | L38: =+MIN($B$2*$B$15,$B$16)/12 -> 41.666667 | M38: =VLOOKUP(G38,'Q.3-Data'!$B$2:$C$118,2,0)*U38*$B$19/12 -> 155.69513 | N38: =+R38*(1-(1-$B$20)^(0.0833333333333333)) -> 343.29731 | O38: =+S37+K38 -> 301554.57 | P38: =(1+$B$17)^(1/12) -> 1.006434 | R38: =((O38)-(L38+M38)*(1+$B$14))*P38+Q38 -> 303260.4 | S38: =+R38-(N38*(1+$B$14)) -> 302855.31 | U38: =+MAX($B$2*10-O38,0) -> 698445.43 | Y38: =+$B$25*(1+$B$26)^(F38-1)/12 -> 32.771667 | Z38: =H38*VLOOKUP(F38,$A$8:$C$12,3,1) -> 0 | AA38: =+I38 -> 0 | AB38: =+L38 -> 41.666667 | AC38: =+M38 -> 155.69513 | AD38: =+N38 -> 343.29731 | AE38: =+M38/$B$19*$B$27 -> 99.644881 | AF38: =+Q38 -> 0 | AG38: =(SUM(AA38:AC38)-SUM(W38:Z38,AE38))*$C$18 -> 0.26459497 | AH38: =+SUM(AA38:AD38,AG38)-SUM(W38:Z38,AE38:AF38) -> 408.50715
E39: =+E38+1 -> 28 | F39: =IF(MOD(E39,12)=1,F38+1,F38) -> 3 | G39: =+$B$5+F39-1 -> 42 | H39: =+IF(AND(MOD(E39,12)=1,F39<=$B$3),$B$2,0) -> 0 | I39: =H39*VLOOKUP(F39,$A$8:$C$12,2,1) -> 0 | J39: =+I39*$B$14 -> 0 | K39: =+H39-I39-J39 -> 0 | L39: =+MIN($B$2*$B$15,$B$16)/12 -> 41.666667 | M39: =VLOOKUP(G39,'Q.3-Data'!$B$2:$C$118,2,0)*U39*$B$19/12 -> 155.40517 | N39: =+R39*(1-(1-$B$20)^(0.0833333333333333)) -> 344.77964 | O39: =+S38+K39 -> 302855.31 | P39: =(1+$B$17)^(1/12) -> 1.006434 | R39: =((O39)-(L39+M39)*(1+$B$14))*P39+Q39 -> 304569.85 | S39: =+R39-(N39*(1+$B$14)) -> 304163.01 | U39: =+MAX($B$2*10-O39,0) -> 697144.69 | Y39: =+$B$25*(1+$B$26)^(F39-1)/12 -> 32.771667 | Z39: =H39*VLOOKUP(F39,$A$8:$C$12,3,1) -> 0 | AA39: =+I39 -> 0 | AB39: =+L39 -> 41.666667 | AC39: =+M39 -> 155.40517 | AD39: =+N39 -> 344.77964 | AE39: =+M39/$B$19*$B$27 -> 99.459309 | AF39: =+Q39 -> 0 | AG39: =(SUM(AA39:AC39)-SUM(W39:Z39,AE39))*$C$18 -> 0.2641697 | AH39: =+SUM(AA39:AD39,AG39)-SUM(W39:Z39,AE39:AF39) -> 409.88467
... E130: =+E129+1 -> 119 | F130: =IF(MOD(E130,12)=1,F129+1,F129) -> 10 | G130: =+$B$5+F130-1 -> 49 | H130: =+IF(AND(MOD(E130,12)=1,F130<=$B$3),$B$2,0) -> 0 | I130: =H130*VLOOKUP(F130,$A$8:$C$12,2,1) -> 0 | J130: =+I130*$B$14 -> 0 | K130: =+H130-I130-J130 -> 0 | L130: =+MIN($B$2*$B$15,$B$16)/12 -> 41.666667 | M130: =VLOOKUP(G130,'Q.3-Data'!$B$2:$C$118,2,0)*U130*$B$19/12 -> 119.23929 | N130: =+R130*(1-(1-$B$20)^(0.0833333333333333)) -> 845.62352 | O130: =+S129+K130 -> 742417.37 | P130: =(1+$B$17)^(1/12) -> 1.006434 | R130: =((O130)-(L130+M130)*(1+$B$14))*P130+Q130 -> 747003.01 | S130: =+R130-(N130*(1+$B$14)) -> 746005.17 | U130: =+MAX($B$2*10-O130,0) -> 257582.63 | Y130: =+$B$25*(1+$B$26)^(F130-1)/12 -> 49.27647 | Z130: =H130*VLOOKUP(F130,$A$8:$C$12,3,1) -> 0 | AA130: =+I130 -> 0 | AB130: =+L130 -> 41.666667 | AC130: =+M130 -> 119.23929 | AD130: =+N130 -> 845.62352 | AE130: =+M130/$B$19*$B$27 -> 76.313149 | AF130: =+Q130 -> 0 | AG130: =(SUM(AA130:AC130)-SUM(W130:Z130,AE130))*$C$18 -> 0.14388315 | AH130: =+SUM(AA130:AD130,AG130)-SUM(W130:Z130,AE130:AF130) -> 881.08375
E131: =+E130+1 -> 120 | F131: =IF(MOD(E131,12)=1,F130+1,F130) -> 10 | G131: =+$B$5+F131-1 -> 49 | H131: =+IF(AND(MOD(E131,12)=1,F131<=$B$3),$B$2,0) -> 0 | I131: =H131*VLOOKUP(F131,$A$8:$C$12,2,1) -> 0 | J131: =+I131*$B$14 -> 0 | K131: =+H131-I131-J131 -> 0 | L131: =+MIN($B$2*$B$15,$B$16)/12 -> 41.666667 | M131: =VLOOKUP(G131,'Q.3-Data'!$B$2:$C$118,2,0)*U131*$B$19/12 -> 117.57844 | N131: =+R131*(1-(1-$B$20)^(0.0833333333333333)) -> 853.39311 | O131: =+S130+K131 -> 746005.17 | P131: =(1+$B$17)^(1/12) -> 1.006434 | Q131: =AVERAGE(S71:S130)*$B$21 -> 3250.5944 | R131: =((O131)-(L131+M131)*(1+$B$14))*P131+Q131 -> 753866.47 | S131: =+R131-(N131*(1+$B$14)) -> 752859.47 | U131: =+MAX($B$2*10-O131,0) -> 253994.83 | Y131: =+$B$25*(1+$B$26)^(F131-1)/12 -> 49.27647 | Z131: =H131*VLOOKUP(F131,$A$8:$C$12,3,1) -> 0 | AA131: =+I131 -> 0 | AB131: =+L131 -> 41.666667 | AC131: =+M131 -> 117.57844 | AD131: =+N131 -> 853.39311 | AE131: =+M131/$B$19*$B$27 -> 75.2502 | AF131: =+Q131 -> 3250.5944 | AG131: =(SUM(AA131:AC131)-SUM(W131:Z131,AE131))*$C$18 -> 0.1414472 | AH131: =+SUM(AA131:AD131,AG131)-SUM(W131:Z131,AE131:AF131) -> -2362.3414
AH133: =+SUM(AA133:AD133,AG133)-SUM(W133:Z133,AE133:AF133) -> 0

Sheet Q.3 (ii)
B9: Based on part (i)
B11: Profit
B12: ='Q.3 (i)'!AH12 -> -3032.0627
B13: ='Q.3 (i)'!AH13 -> 181.21854
B14: ='Q.3 (i)'!AH14 -> 181.46389
B15: ='Q.3 (i)'!AH15 -> 181.71055
B16: ='Q.3 (i)'!AH16 -> 181.95851
B17: ='Q.3 (i)'!AH17 -> 182.20779
B18: ='Q.3 (i)'!AH18 -> 182.4584
B19: ='Q.3 (i)'!AH19 -> 182.71034
B20: ='Q.3 (i)'!AH20 -> 182.96361
B21: ='Q.3 (i)'!AH21 -> 183.21823
B22: ='Q.3 (i)'!AH22 -> 183.47421
B23: ='Q.3 (i)'!AH23 -> 183.73154
... B131: ='Q.3 (i)'!AH131 -> -2362.3414

Sheet Q.3 (iii)
B3: Interest rate | C3: ='Q.3 (i)'!B18 -> 0.05
B4: Monthly interest rate | C4: ='Q.3 (i)'!C18 -> 0.0040741238
B9: Based on part (i)
J10: ANSWER
A11: Age | B11: Non-unit fund | D11: probability of death in a month | E11: probability of surviving a month | G11: Non-unit reserve | H11: Increase in non-unit reserve | I11: Investment income on NU Reserve | J11: Profit Before Tax
A12: ='Q.3 (i)'!G12 -> 40 | B12: ='Q.3 (i)'!AH12 -> -3032.0627 | D12: =VLOOKUP(A12,'Q.3-Data'!$B$3:$C$118,2,TRUE)/12 -> 0.00015025 | E12: =1-D12 -> 0.99984975 | G12: =MAX(0,(-B13+G13*E13)/(1+$C$4)) -> 0 | J12: =+B12-H12+I12 -> -3032.0627
A13: ='Q.3 (i)'!G13 -> 40 | B13: ='Q.3 (i)'!AH13 -> 181.21854 | D13: =VLOOKUP(A13,'Q.3-Data'!$B$3:$C$118,2,TRUE)/12 -> 0.00015025 | E13: =1-D13 -> 0.99984975 | G13: =MAX(0,(-B14+G14*E14)/(1+$C$4)) -> 0 | H13: =+G13-G12 -> 0 | I13: =+G12*($C$4) -> 0 | J13: =+B13-H13+I13 -> 181.21854
A14: ='Q.3 (i)'!G14 -> 40 | B14: ='Q.3 (i)'!AH14 -> 181.46389 | D14: =VLOOKUP(A14,'Q.3-Data'!$B$3:$C$118,2,TRUE)/12 -> 0.00015025 | E14: =1-D14 -> 0.99984975 | G14: =MAX(0,(-B15+G15*E15)/(1+$C$4)) -> 0 | H14: =+G14-G13 -> 0 | I14: =+G13*($C$4) -> 0 | J14: =+B14-H14+I14 -> 181.46389
A15: ='Q.3 (i)'!G15 -> 40 | B15: ='Q.3 (i)'!AH15 -> 181.71055 | D15: =VLOOKUP(A15,'Q.3-Data'!$B$3:$C$118,2,TRUE)/12 -> 0.00015025 | E15: =1-D15 -> 0.99984975 | G15: =MAX(0,(-B16+G16*E16)/(1+$C$4)) -> 0 | H15: =+G15-G14 -> 0 | I15: =+G14*($C$4) -> 0 | J15: =+B15-H15+I15 -> 181.71055
A16: ='Q.3 (i)'!G16 -> 40 | B16: ='Q.3 (i)'!AH16 -> 181.95851 | D16: =VLOOKUP(A16,'Q.3-Data'!$B$3:$C$118,2,TRUE)/12 -> 0.00015025 | E16: =1-D16 -> 0.99984975 | G16: =MAX(0,(-B17+G17*E17)/(1+$C$4)) -> 0 | H16: =+G16-G15 -> 0 | I16: =+G15*($C$4) -> 0 | J16: =+B16-H16+I16 -> 181.95851
A17: ='Q.3 (i)'!G17 -> 40 | B17: ='Q.3 (i)'!AH17 -> 182.20779 | D17: =VLOOKUP(A17,'Q.3-Data'!$B$3:$C$118,2,TRUE)/12 -> 0.00015025 | E17: =1-D17 -> 0.99984975 | G17: =MAX(0,(-B18+G18*E18)/(1+$C$4)) -> 0 | H17: =+G17-G16 -> 0 | I17: =+G16*($C$4) -> 0 | J17: =+B17-H17+I17 -> 182.20779
A18: ='Q.3 (i)'!G18 -> 40 | B18: ='Q.3 (i)'!AH18 -> 182.4584 | D18: =VLOOKUP(A18,'Q.3-Data'!$B$3:$C$118,2,TRUE)/12 -> 0.00015025 | E18: =1-D18 -> 0.99984975 | G18: =MAX(0,(-B19+G19*E19)/(1+$C$4)) -> 0 | H18: =+G18-G17 -> 0 | I18: =+G17*($C$4) -> 0 | J18: =+B18-H18+I18 -> 182.4584
A19: ='Q.3 (i)'!G19 -> 40 | B19: ='Q.3 (i)'!AH19 -> 182.71034 | D19: =VLOOKUP(A19,'Q.3-Data'!$B$3:$C$118,2,TRUE)/12 -> 0.00015025 | E19: =1-D19 -> 0.99984975 | G19: =MAX(0,(-B20+G20*E20)/(1+$C$4)) -> 0 | H19: =+G19-G18 -> 0 | I19: =+G18*($C$4) -> 0 | J19: =+B19-H19+I19 -> 182.71034
A20: ='Q.3 (i)'!G20 -> 40 | B20: ='Q.3 (i)'!AH20 -> 182.96361 | D20: =VLOOKUP(A20,'Q.3-Data'!$B$3:$C$118,2,TRUE)/12 -> 0.00015025 | E20: =1-D20 -> 0.99984975 | G20: =MAX(0,(-B21+G21*E21)/(1+$C$4)) -> 156.03153 | H20: =+G20-G19 -> 156.03153 | I20: =+G19*($C$4) -> 0 | J20: =+B20-H20+I20 -> 26.932079
A21: ='Q.3 (i)'!G21 -> 40 | B21: ='Q.3 (i)'!AH21 -> 183.21823 | D21: =VLOOKUP(A21,'Q.3-Data'!$B$3:$C$118,2,TRUE)/12 -> 0.00015025 | E21: =1-D21 -> 0.99984975 | G21: =MAX(0,(-B22+G22*E22)/(1+$C$4)) -> 339.93654 | H21: =+G21-G20 -> 183.905 | I21: =+G20*($C$4) -> 0.63569178 | J21: =+B21-H21+I21 -> -0.051075465
A22: ='Q.3 (i)'!G22 -> 40 | B22: ='Q.3 (i)'!AH22 -> 183.47421 | D22: =VLOOKUP(A22,'Q.3-Data'!$B$3:$C$118,2,TRUE)/12 -> 0.00015025 | E22: =1-D22 -> 0.99984975 | G22: =MAX(0,(-B23+G23*E23)/(1+$C$4)) -> 524.87455 | H22: =+G22-G21 -> 184.93801 | I22: =+G21*($C$4) -> 1.3849435 | J22: =+B22-H22+I22 -> -0.078862401
A23: ='Q.3 (i)'!G23 -> 40 | B23: ='Q.3 (i)'!AH23 -> 183.73154 | D23: =VLOOKUP(A23,'Q.3-Data'!$B$3:$C$118,2,TRUE)/12 -> 0.00015025 | E23: =1-D23 -> 0.99984975 | G23: =MAX(0,(-B24+G24*E24)/(1+$C$4)) -> 710.8513 | H23: =+G23-G22 -> 185.97675 | I23: =+G22*($C$4) -> 2.1384039 | J23: =+B23-H23+I23 -> -0.10680541
A24: ='Q.3 (i)'!G24 -> 41 | B24: ='Q.3 (i)'!AH24 -> -713.7474 | D24: =VLOOKUP(A24,'Q.3-Data'!$B$3:$C$118,2,TRUE)/12 -> 0.00016325 | E24: =1-D24 -> 0.99983675 | G24: =MAX(0,(-B25+G25*E25)/(1+$C$4)) -> 0 | H24: =+G24-G23 -> -710.8513 | I24: =+G23*($C$4) -> 2.8960962 | J24: =+B24-H24+I24 -> 5.7731597e-15
... A131: ='Q.3 (i)'!G131 -> 49 | B131: ='Q.3 (i)'!AH131 -> -2362.3414 | D131: =VLOOKUP(A131,'Q.3-Data'!$B$3:$C$118,2,TRUE)/12 -> 0.00037033333 | E131: =1-D131 -> 0.99962967 | G131: =MAX(0,(-B132+G132*E132)/(1+$C$4)) -> 0 | H131: =+G131-G130 -> -2352.756 | I131: =+G130*($C$4) -> 9.5854191 | J131: =+B131-H131+I131 -> -1.2789769e-13
